 Dungeon Crawl Stone Soup version 0.28-a0-861-ge64d6db94f (webtiles) character file.

Game seed: 8996249028276952160

1438617 Sweeb the Conqueror (level 27, -4/323 HPs)
             Began as a Demonspawn Gladiator on Apr 2, 2021.
             Was the Champion of Makhleb.
             Slain by a death scarab (13 damage)
             ... summoned by a royal mummy
             ... on level 3 of the Tomb of the Ancients on Nov 16, 2021.
             The game lasted 05:57:11 (123318 turns).

Sweeb the Conqueror (Demonspawn Gladiator)        Turns: 123318, Time: 05:57:13

Health: -4/323     AC: 44    Str: 31 (39) XL:     27
Magic:  0/54       EV: 10    Int:  5 (11) God:    Makhleb [******]
Gold:   14307      SH:  0    Dex: 14 (20) Spells: 42/80 levels left

rFire   + + +      SeeInvis +   N - +9 demon trident (vorpal)
rCold   + + +      Faith    .   n - +2 shield of Resistance {rF++ rC++ Will++}
rNeg    + + +      Spirit   .   u - +9 scales of the Dragon King {rPois rF+ rC+ Will+}
rPois   ∞          Reflect  .   (helmet unavailable)
rElec   +          Harm     .   I - scarf {repulsion}
rCorr   .          Rampage  .   s - +2 pair of gloves of Elyvilon's Indignation {rN+ Regen+ Str+4}
Will    +++++                   k - +2 pair of boots {Fly}
Stlth   ..........              w - macabre finger necklace {rN+}
HPRegen 2.63/turn               E - ring "Nuhanem" {Str+6 Int+2}
MPRegen 0.34/turn               S - ring "Zuphyps" {rElec rPois rN+ Will- Slay+5}
                                D - ring of Agaalusch {Str+6 Dex+4 SInv}

@: lethally poisoned (-4 -> -4), lich-form, marked, flying, held, slowed,
studying Bows, repel missiles, very slow
A: draining attack, torment immunity, no potions, horns 3, ignite blood 3,
robust 3, spiny 3, (sanguine armour 3), hooves 1, clumsy 2, cold resistance 1,
deformed body, strong-willed 1, mutation resistance 1, poison resistance,
regeneration 1, electricity resistance, wild magic 1
}: 14/15 runes: serpentine, barnacled, slimy, silver, iron, obsidian, icy, bone,
abyssal, demonic, glowing, magical, fiery, dark
a: End Transformation, Renounce Religion, Minor Destruction, Lesser Servant of
Makhleb, Major Destruction, Greater Servant of Makhleb


You were on level 3 of the Tomb of the Ancients.
You worshipped Makhleb.
Makhleb was exalted by your worship.
You were an undead lich.
You visited 17 branches of the dungeon, and saw 86 of its levels.
You visited Pandemonium 2 times, and saw 17 of its levels.
You visited the Abyss 1 time.
You visited 1 bazaar.
You also visited: Trove, Ice Cave and Wizlab.

You collected 17209 gold pieces.
You spent 2902 gold pieces at shops.

Inventory:

Hand Weapons
 b - the +7 sceptre of Asmodeus
   (You took it off Asmodeus on level 7 of Gehenna)

   It can be evoked to summon fiery demons, with success rate depending on
   Evocations skill.
   Those summoned this way will remain friendly only for a limited time.
 j - the +11 trident of the Land of Plenty {pain, rElec Str+2 Int+2 Stlth+}
   (Okawaru gifted it to you on level 14 of the Dungeon)

   In the hands of one skilled in necromantic magic, it inflicts extra damage on
   living creatures.
   Str:       It affects your strength (+2).
   Int:       It affects your intelligence (+2).
   rElec:     It insulates you from electricity.
   Stlth:     It makes you more stealthy.
 t - the +17 lance "Wyrmbane" {slay drac, rPois rF+ rC+ AC+3}
   (You acquired it in Pandemonium)

   It inflicts extra damage against dragons and draconians.
   AC:        It affects your AC (+3).
   rF:        It protects you from fire.
   rC:        It protects you from cold.
   rPois:     It protects you from poison.
 y - the +10 trident of Qotaoguc {freeze, rF+ Str+2 Dex+5}
   (You found it on level 5 of the Vaults)

   It freezes those it strikes, dealing additional cold damage.
   It can also slow down cold-blooded creatures.
   Str:       It affects your strength (+2).
   Dex:       It affects your dexterity (+5).
   rF:        It protects you from fire.
 N - a +9 vorpal demon trident (weapon)
 Z - the +6 sword of Cerebov {flame}
   (You took it off Cerebov in Pandemonium)

   It burns those it strikes, dealing additional fire damage.
   Big, fiery blades are also staple armaments of hydra-hunters.
   It temporarily reduces the fire resistance of those it strikes.
Armour
 g - the +0 pair of boots of Defiance {Str+4}
   (Okawaru gifted it to you on level 1 of the Elven Halls)

   Str:       It affects your strength (+4).
 k - a +2 pair of boots of flying (worn)
 n - the +2 shield of Resistance (worn) {rF++ rC++ Will++}
   (You found it on level 1 of the Lair of Beasts)

   rF:        It greatly protects you from fire.
   rC:        It greatly protects you from cold.
   Will:      It greatly increases your willpower.
 p - the +3 pair of gauntlets of War {Slay+5}
   (You found it on level 3 of the Depths)

   Slay:      It affects your accuracy & damage with ranged weapons and melee
   (+5).
 s - the +2 pair of gloves of Elyvilon's Indignation (worn) {rN+ Regen+ Str+4}
   (You found it in Pandemonium)

   Str:       It affects your strength (+4).
   rN:        It protects you from negative energy.
   Regen:     It increases your rate of health regeneration.
 u - the +9 scales of the Dragon King (worn) {rPois rF+ rC+ Will+}
   (You found it on level 7 of Gehenna)

   rF:        It protects you from fire.
   rC:        It protects you from cold.
   rPois:     It protects you from poison.
   Will:      It increases your willpower.
 v - the +4 moon troll leather armour {Spirit, Regen++ MP+5}
   (You found it on level 7 of Gehenna)

   MP:        It affects your magic capacity (+5).
   Regen:     It increases your rate of health regeneration.
 I - a scarf of repulsion (worn)
 L - a +1 pair of boots of rampaging
 O - the +0 pair of boots of Prudence {rCorr}
   (You found it on level 1 of the Tomb of the Ancients)

   rCorr:     It protects you from acid and corrosion.
Jewellery
 e - an amulet of the acrobat
 w - the macabre finger necklace (around neck) {rN+}
   (You found it on level 5 of the Pits of Slime)

   [amulet of nothing]

   It enables you to equip an extra ring.
   rN:        It protects you from negative energy.
 D - the ring of Agaalusch (on amulet) {Str+6 Dex+4 SInv}
   (You bought it in a shop on level 9 of the Dungeon)

   [ring of see invisible]

   Str:       It affects your strength (+6).
   Dex:       It affects your dexterity (+4).
   SInv:      It lets you see invisible.
 E - the ring "Nuhanem" (left hand) {Str+6 Int+2}
   (You found it on level 12 of the Dungeon)

   [ring of strength]

   Str:       It affects your strength (+6).
   Int:       It affects your intelligence (+2).
 F - the ring of Koxto {Int+4 SInv}
   (You found it on level 3 of the Crypt)

   [ring of see invisible]

   Int:       It affects your intelligence (+4).
   SInv:      It lets you see invisible.
 H - an amulet of regeneration
 S - the ring "Zuphyps" (right hand) {rElec rPois rN+ Will- Slay+5}
   (You found it on level 4 of the Shoals)

   [ring of positive energy]

   Slay:      It affects your accuracy & damage with ranged weapons and melee
   (+5).
   rElec:     It insulates you from electricity.
   rPois:     It protects you from poison.
   rN:        It protects you from negative energy.
   Will:      It decreases your willpower.
 T - the ring "Igeukuoth" {rElec rPois Str+6}
   (You found it on level 2 of the Depths)

   [ring of strength]

   Str:       It affects your strength (+6).
   rElec:     It insulates you from electricity.
   rPois:     It protects you from poison.
 U - the ring "Zeklo" {*Slow rElec rF++ Dex+2 SInv}
   (You found it in Pandemonium)

   [ring of see invisible]

   Dex:       It affects your dexterity (+2).
   rF:        It greatly protects you from fire.
   rElec:     It insulates you from electricity.
   SInv:      It lets you see invisible.
   *Slow:     It may slow you when you take damage.
Wands
 q - a wand of digging (3)
Scrolls
 c - 10 scrolls of enchant armour
 f - 61 scrolls of identify
 i - 2 scrolls of enchant weapon
 x - 9 scrolls of fear
 z - 13 scrolls of amnesia
 A - a scroll of brand weapon
 G - a scroll of silence
 J - 5 scrolls of fog
 M - 4 scrolls of teleportation
 Q - 7 scrolls of summoning
 V - 5 scrolls of torment
Potions
 a - a potion of might
 d - 2 potions of invisibility
 h - 8 potions of flight
 l - 5 potions of brilliance
 m - 38 potions of curing
 o - 7 potions of heal wounds
 r - 14 potions of mutation
 B - 13 potions of attraction
 C - 3 potions of ambrosia
 K - 5 potions of resistance
 W - 2 potions of magic
 X - 4 potions of cancellation
 Y - 6 potions of berserk rage
Miscellaneous
 R - the horn of Geryon


   Skills:
 O Level 27 Fighting
 + Level 25.1 Polearms
 - Level 1.7 Throwing
 O Level 27 Armour
 O Level 27 Dodging
 + Level 21.9 Shields
 - Level 7.8 Unarmed Combat
 O Level 27 Spellcasting
 O Level 27 Necromancy
 + Level 26.6 Transmutations
 - Level 17.9 Invocations


You had 42 spell levels left.
You knew the following spells:

 Your Spells              Type           Power      Damage    Failure   Level
a - Wereblood             Tmut           43%        N/A       1%          2
b - Necromutation         Tmut/Necr      30%        N/A       3%          8
c - Borgnjor's Vile Clut  Necr/Erth      19%        N/A       3%          5
d - Dispel Undead         Necr           60%        3d21      1%          4
e - Swiftness             Air            8%         N/A       54%         3
f - Borgnjor's Revivific  Necr           30%        N/A       3%          8
g - Death Channel         Necr           30%        N/A       1%          6
h - Blink                 Tloc           16%        N/A       34%         2

Your spell library contained the following spells:

 Spells                   Type           Power      Damage    Failure   Level
 Animate Skeleton         Necr           100%       N/A       1%          1
 Beastly Appendage        Tmut           86%        N/A       1%          1
 Pain                     Necr           100%       1d9       1%          1
 Sting                    Tmut/Pois      100%       1d8       1%          1
 Corpse Rot               Necr/Air       78%        N/A       1%          2
 Passwall                 Tmut/Erth      21%        N/A       1%          2
 Sublimation of Blood     Necr           60%        N/A       1%          2
 Spider Form              Tmut/Pois      26%        N/A       1%          3
 Vampiric Draining        Necr           60%        2d10      1%          3
 Animate Dead             Necr           30%        N/A       1%          4
 Ice Form                 Ice/Tmut       26%        N/A       1%          4
 Petrify                  Tmut/Erth      26%        N/A       1%          4
 Agony                    Necr           60%        N/A       1%          5
 Blade Hands              Tmut           21%        N/A       1%          5
 Excruciating Wounds      Necr           30%        N/A       1%          5
 Dragon Form              Tmut           21%        N/A       1%          7
 Ignite Poison            Fire/Tmut/Pois 20%        N/A       2%          3
 Irradiate                Conj/Tmut      13%        3d18      3%          5
 Yara's Violent Unravell  Hex/Tmut       13%        3d7       3%          5
 Infestation              Necr           30%        N/A       3%          8
 Simulacrum               Ice/Necr       19%        N/A       14%         6
 Eringya's Noxious Bog    Tmut/Pois      13%        N/A       16%         6
 Statue Form              Tmut/Erth      17%        N/A       16%         6
 Apportation              Tloc           16%        N/A       24%         1
 Corona                   Hex            8%         N/A       24%         1
 Foxfire                  Conj/Fire      32%        2x1d5     24%         1
 Freeze                   Ice            32%        1d5       24%         1
 Magic Dart               Conj           32%        1d4       24%         1
 Shock                    Conj/Air       32%        1d5       24%         1
 Slow                     Hex            32%        N/A       24%         1
 Summon Small Mammal      Summ           32%        N/A       24%         1
 Call Imp                 Summ           8%         N/A       34%         2
 Ensorcelled Hibernation  Hex/Ice        16%        N/A       34%         2
 Poisonous Vapours        Pois/Air       16%        N/A       34%         2
 Searing Ray              Conj           16%        2d5       34%         2
 Death's Door             Necr           30%        N/A       34%         9
 Call Canine Familiar     Summ           8%         N/A       54%         3
 Confusing Touch          Hex            8%         N/A       54%         3
 Conjure Flame            Conj/Fire      8%         6-21      54%         3
 Dazzling Flash           Conj/Hex       16%        N/A       54%         3
 Frozen Ramparts          Ice            16%        1d3       54%         3
 Gell's Gravitas          Tloc           8%         N/A       54%         3
 Inner Flame              Hex/Fire       8%         N/A       54%         3
 Lesser Beckoning         Tloc           8%         N/A       54%         3
 Mephitic Cloud           Conj/Pois/Air  8%         N/A       54%         3
 Ozocubu's Armour         Ice            8%         N/A       54%         3
 Portal Projectile        Hex/Tloc       16%        N/A       54%         3
 Stone Arrow              Conj/Erth      16%        3d8       54%         3
 Summon Guardian Golem    Hex/Summ       8%         N/A       54%         3
 Teleport Other           Tloc           8%         N/A       54%         3
 Haunt                    Necr/Summ      19%        N/A       58%         7
 Storm Form               Tmut/Air       13%        N/A       61%         7
 Airstrike                Air            4%         N/A       90%         4
 Animate Armour           Summ/Erth      16%        N/A       90%         4
 Cause Fear               Hex            4%         N/A       90%         4
 Fulminant Prism          Conj/Hex       4%         3d6       90%         4
 Hailstorm                Conj/Ice       8%         3d4       90%         4
 Iskenderun's Mystic Bla  Conj/Tloc      8%         2d4       90%         4
 Leda's Liquefaction      Hex/Erth       4%         N/A       90%         4
 Olgreb's Toxic Radiance  Pois           8%         N/A       90%         4
 Sticky Flame             Conj/Fire      8%         2d3       90%         4
 Summon Ice Beast         Ice/Summ       8%         N/A       90%         4
 Summon Lightning Spire   Summ/Air       8%         N/A       90%         4
 Bolt of Magma            Conj/Fire/Erth 4%         4d5       99%         5
 Fireball                 Conj/Fire      4%         3d4       99%         5
 Freezing Cloud           Conj/Ice/Air   4%         6-21      99%         5
 Iskenderun's Battlesphe  Conj           8%         2d6       99%         5
 Lightning Bolt           Conj/Air       4%         1d15      99%         5
 Manifold Assault         Tloc           8%         N/A       99%         5
 Metabolic Englaciation   Hex/Ice        4%         N/A       99%         5
 Silence                  Hex/Air        4%         N/A       99%         5
 Summon Forest            Summ/Tloc      4%         N/A       99%         5
 Conjure Ball Lightning   Conj/Air       4%         3x3d6     100%        6
 Iron Shot                Conj/Erth      4%         9d2       100%        6
 Shadow Creatures         Summ           N/A        N/A       100%        6
 Starburst                Conj/Fire      4%         6d3       100%        6
 Malign Gateway           Summ/Tloc      4%         N/A       100%        7
 Monstrous Menagerie      Summ           4%         N/A       100%        7
 Orb of Destruction       Conj           4%         9d2       100%        7
 Ozocubu's Refrigeration  Ice            4%         4d5       100%        7
 Spellforged Servitor     Conj/Summ      4%         N/A       100%        7
 Summon Hydra             Summ           4%         N/A       100%        7
 Discord                  Hex            4%         N/A       100%        8
 Ignition                 Fire           4%         3d4       100%        8
 Maxwell's Capacitive Co  Air            4%         ∞         100%        8
 Summon Horrible Things   Summ           4%         N/A       100%        8
 Chain Lightning          Conj/Air       4%         3d5       100%        9
 Dragon's Call            Summ           4%         N/A       100%        9
 Fire Storm               Conj/Fire      4%         8d1       100%        9
 Polar Vortex             Ice            4%         N/A       100%        9
 Shatter                  Erth           4%         3d7*      100%        9


Dungeon Overview and Level Annotations

Branches:
Dungeon (15/15)            Temple (0/1) D:7            Lair (6/6) D:11
 Shoals (4/4) Lair:3        Snake (4/4) Lair:4        Slime (5/5) Lair:5
    Orc (2/2) D:12            Elf (3/3) Orc:2        Vaults (5/5) D:14
  Crypt (3/3) Vaults:2       Tomb (3/3) Crypt:3      Depths (5/5) D:15
   Hell (visited)             Dis (7/7) Hell            Geh (7/7) Hell
    Coc (7/7) Hell            Tar (7/7) Hell            Zot (5/5) Depths:5
  IceCv (visited)          WizLab (visited)

Altars:
Ashenzari
Dithmenos
Gozag
Kikubaaqudgha
Makhleb
Okawaru
Sif Muna
Trog
Uskayaw
Vehumet
Wu Jian
Yredelemnul
Zin
Beogh
Jiyva

Shops:
D:3 ![!(   D:9 [=*?(   Orc:2 *:**   Elf:2 (   Shoals:1 !   Shoals:2 ?([
Snake:4 !   Vaults:5 !   Depths:5 :

Portals:
Hell: Depths:1 Depths:2 Depths:3 Depths:4 Depths:5
Abyss: Depths:3 Depths:4 Depths:5
Pandemonium: Depths:2 Depths:3
Ziggurat: Depths:1

Annotations:
Snake:3 1 runed translucent door, Moetotwaph's ghost, adept HaHu


Innate Abilities, Weirdness & Mutations

You are an undead lich.
Your unarmed attacks are suffused with negative energy.
You are immune to unholy pain and torment.
Your necromantic spells are more powerful.
You cannot drink.
You have a pair of large horns on your head.
Your demonic aura causes all spilled blood to erupt in flames.
You are extremely robust. (+30% HP)
You are completely covered in sharp spines.
((When seriously injured, your bleeding wounds create very thick armour. (AC +0)))
You have large cloven feet.
You are very clumsy. (Dex -4)
Your flesh is cold resistant. (rC+)
Armour fits poorly on your strangely shaped body.
You are strong-willed. (Will+)
You are somewhat resistant to further mutation.
Your system is resistant to poisons. (rPois)
Your natural rate of healing is unusually fast.
You are resistant to electric shocks. (rElec)
Your spells are a little harder to cast, but a little more powerful.


Message History

The ushabti shakes and rattles deafeningly!
The emperor scorpion simulacrum hits you but does no damage.
The emperor scorpion simulacrum claws you but does no damage. x2
The ushabti shakes and rattles deafeningly! x2
The mummy priest prays to its god.
The mummy hits you but does no damage.
The ushabti shakes and rattles deafeningly!
The smoke demon closely misses you.
The smoke demon hits you but does no damage. x2
You struggle against the net.
The emperor scorpion simulacrum disappears in a puff of smoke!
The death scarab is struck by your spines.
The death scarab bites you but does no damage.
The death scarab bites you.
* * * LOW HITPOINT WARNING * * *
The ancient champion is struck by your spines.
The ancient champion completely misses you.
The emperor scorpion is struck by your spines.
The emperor scorpion stings you but does no damage.
The emperor scorpion claws you but does no damage. x2
The death scarab bites you.
* * * LOW HITPOINT WARNING * * *
The death scarab drains your vigour!
You feel as though you will be slow longer.
You hear a loud "Zot"!
The power of Zot is invoked against you!
You suddenly feel drained of magical energy!
The ushabti closely misses you.
The ancient champion hits you but does no damage.
The smoke demon barely misses you.
The smoke demon hits you but does no damage. x2
The emperor scorpion stings you.
* * * LOW HITPOINT WARNING * * *
The emperor scorpion claws you but does no damage.
The emperor scorpion claws you.
* * * LOW HITPOINT WARNING * * *
The mummy priest prays to its god.
The death scarab is struck by your spines.
The death scarab bites you!
You die...

#+###..............M..M###M#
###......$...M.99............M9
##..........MVV99MzM......z.....
#............Wzz3s9Z...9...s..M.
##.^.........ZWMs9M.MZ...n.M.....
#(...........M4Mszz9MZ....MM9....
#....^.......V3MMWM..V...z9......
..............MMsz49...$M........
.........$....sBL93M.....§.......
...............3.M...... .§.§.MM.
..........####.......... ##.n...
§.........Z# ##........# #.§.§s§
.§§§§......# #........# ##......
#§§M........# ##......####..§§§..
#§Z§......^.$. ###.φ####..§§§§...
#§MM§......... #####M.§^....§§
##§M§...........######§MW§§§4§...


You could see 2 royal mummies, 5 emperor scorpions, 2 ancient champions, 4 mummy
priests, a skeletal warrior, 3 jiangshi, a soul eater (summoned), a flayed ghost
(summoned), a phantasmal warrior (summoned), 5 guardian mummies, 9 ushabtiu, an
ice devil (summoned), a rust devil (summoned), 2 smoke demons, a neqoxec
(summoned), a vampire (summoned), a death scarab (summoned), a shadow
(summoned), 2 flying skulls, 6 mummies, a wight (summoned), an anaconda
simulacrum (summoned, expiring), a wolf spider zombie, a nagaraja skeleton
(summoned) and a juggernaut skeleton (summoned).

Vanquished Creatures
  Cerebov (Pan)
  Antaeus (Coc:7)
  Asmodeus (Geh:7)
  Ereshkigal (Tar:7)
  Gloorx Vloq (Pan)
  the Serpent of Hell (Coc:7)
  the Royal Jelly (Slime:5)
  Lom Lobon (Pan)
  5 dread liches
  Dispater (Dis:7)
  Mara (Snake:4)
  8 ancient liches
  3 juggernauts (Depths:2)
  31 shard shrikes
  Vashnia (Snake:3)
  2 orbs of fire (Zot:5)
  Khufu (Crypt:1)
  Saint Roka (Elf:2)
  Mennas (Pan)
  2 profane servitors
  Nikola (Shoals:1)
  Geryon (Hell)
  15 golden dragons
  A mutant beast (WizLab)
  Jory (Vaults:3)
  Sojobo (Crypt:3)
  36 Brimstone Fiends
  26 royal mummies
  24 bone dragons
  49 Tzitzimimeh
  5 electric golems
  16 tentacled monstrosities
  12 Hell Sentinels
  28 doom hounds
  9 iron giants
  3 Killer Klowns (Zot:5)
  Jorgrun (Orc:2)
  17 liches
  2 curse toes
  33 Ice Fiends
  Xtahua (Crypt:1)
  30 titans
  6 quicksilver dragons
  8 deep elf master archers
  Asterion (Snake:4)
  Gastronok (D:8)
  8 deep elf blademasters
  26 ancient champions
  11 tentacled starspawn
  22 acid blobs
  7 death cobs
  11 sphinxes
  29 Executioners
  Kirke (Lair:6)
  A storm dragon (shapeshifter) (D:15)
  9 tengu reavers
  Polyphemus (Shoals:2)
  18 storm dragons
  39 shadow dragons
  7 rockslimes
  Roxanne (Shoals:3)
  8 azure jellies
  4 draconian monks
  10 pandemonium lords (Pan)
  12 nagarajas
  19 fire giants
  25 Orb Guardians (Zot:5)
  An orc warlord (Vaults:3)
  32 frost giants
  9 draconian knights
  6 spectral caustic shrikes (Depths:3)
  3 draconian shifters
  Aizul (Snake:4)
  20 demonspawn warmongers (Pan)
  11 vault wardens
  Ilsuiw (Shoals:2)
  Louise (Snake:3)
  6 deep elf sorcerers (Elf:3)
  33 cacodemons
  6 draconian scorchers
  4 curse skulls
  15 iron dragons
  2 spriggan defenders
  33 balrugs
  An eldritch tentacle (Pan)
  7 draconian stormcallers
  7 elemental wellsprings
  7 deep elf elementalists
  101 reapers
  11 quicksilver oozes
  The ghost of Ikheod the Impaler, a journeyman MfGl of Okawaru (Lair:6)
  11 draconian annihilators
  51 very ugly things
  2 quicksilver oozes (shapeshifter)
  13 demonspawn blood saints (Pan)
  6 war gargoyles
  20 ironbound preservers
  Nessos (Orc:2)
  21 vampire knights
  6 revenants
  40 stone giants
  8 deep elf demonologists
  17 dire elephants
  15 green draconians
  12 demonspawn black suns (Pan)
  12 demonspawn corrupters (Pan)
  21 lorocyprocas
  11 red draconians
  7 spark wasps
  A minotaur (D:12)
  4 ghost moths
  11 black draconians
  3 entropy weavers
  7 deep elf annihilators
  9 purple draconians
  20 yellow draconians
  Azrael (Orc:2)
  9 eidola
  9 white draconians
  9 ghouls
  9 fire dragons
  The ghost of Synwij the Carver, a journeyman DsFi of Qazlal (D:12)
  Snorg (Lair:5)
  9 deep elf death magi
  6 quicksilver dragon zombies
  Josephine (Orc:2)
  51 blizzard demons
  18 ettins
  A salamander tyrant (Snake:4)
  15 green deaths
  13 merfolk impalers
  11 jiangshi
  3 deep elf high priests
  14 bennus
  34 vault guards
  15 great orbs of eyes
  6 boulder beetles
  11 yaktaur captains
  8 hydras
  2 spectral titans (Crypt:3)
  13 quicksilver dragon skeletons
  6 rakshasas
  4 merfolk javelineers
  15 naga warriors
  9 removed monstrous demonspawn (Pan)
  3 hell beasts
  4 ironbound thunderhulks
  A kraken zombie (Coc:7)
  23 ice dragons
  A peacekeeper (Vaults:3)
  A great orb of eyes (shapeshifter) (Depths:2)
  5 ironbound frosthearts
  11 merfolk avatars
  9 spriggan air magi
  2 juggernaut simulacra (Pan)
  Erolcha (Orc:2)
  2 spectral quicksilver dragons (Crypt:3)
  16 anacondas
  4 ogre magi (Vaults:5)
  8 ghost crabs
  14 mummy priests
  An anaconda (shapeshifter) (Abyss:3)
  10 merfolk aquamancers
  4 death knights
  20 centaur warriors
  The ghost of Rennog the Grappler, a novice TrMo of Xom (D:8)
  2 alligator snapping turtles
  3 catoblepae
  7 two-headed ogres
  2 satyrs (Shoals:4)
  34 hell hogs
  8 tengu warriors
  3 death yaks (Shoals:2)
  A spectral shadow dragon (Crypt:3)
  28 dancing weapons
  13 deep troll shamans
  2 satyrs (shapeshifter) (Vaults:5)
  12 titan zombies
  7 removed ironbound beastmasters
  16 vampire magi
  16 shock serpents
  A spectral frost giant (Crypt:3)
  14 deep troll earth magi
  84 hell knights
  4 orc high priests (Orc:2)
  11 thrashing horrors
  10 naga sharpshooters
  25 deep elf knights
  3 iron golems
  2 shock serpents (shapeshifter)
  78 soul eaters
  83 sun demons
  37 death scarabs
  3 storm dragon zombies
  A spectral stone giant (Crypt:3)
  9 spriggan berserkers
  9 titan skeletons
  A spectral storm dragon (Crypt:3)
  12 iron trolls
  198 skeletal warriors
  8 storm dragon skeletons
  38 sixfirhies
  7 golden dragon zombies
  4 removed torturous demonspawn (Pan)
  3 spatial maelstroms
  5 salamander mystics (Snake:4)
  A fire crab (shapeshifter) (WizLab)
  29 anaconda zombies
  3 death drakes
  A spark wasp zombie (Crypt:3)
  An entropy weaver zombie (Crypt:1)
  14 wretched stars
  A sea snake (shapeshifter) (WizLab)
  16 removed gelid demonspawn (Pan)
  22 shadow wraiths
  7 naga ritualists
  49 shadow demons
  4 ghost moth zombies
  7 glowing orange brains
  53 deep trolls
  A quicksilver dragon simulacrum (Abyss:2)
  A bog body (Crypt:3)
  26 flayed ghosts
  9 sea snakes
  10 removed infernal demonspawn (Pan)
  14 ironbound convokers
  18 deep elf archers
  13 golden dragon skeletons
  2 harpies (shapeshifter) (WizLab)
  41 deep elf zephyrmancers
  38 phantasmal warriors
  4 wolf spider zombies
  3 lindwurms
  8 wizards
  23 necromancers
  10 iron dragon zombies
  8 orc knights
  15 harpies
  2 spectral alligators (Crypt:3)
  15 anaconda skeletons
  3 shadow dragon zombies
  6 oklob plants
  17 fire giant zombies
  A ghost (Pan)
  13 mana vipers
  33 deep elf pyromancers
  14 manticores
  18 stone giant zombies
  7 iron dragon skeletons
  108 slime creatures
  4 cyclopes
  15 frost giant zombies
  6 worldbinders
  A salamander (shapeshifter) (D:15)
  5 orc sorcerers
  Pikel (D:8)
  26 moths of wrath
  12 salamanders
  7 shining eyes
  42 ugly things
  11 fauns
  9 shadow dragon skeletons
  21 naga magi
  Maurice (Orc:1)
  13 elephants
  2 spectral fire dragons (Crypt:3)
  13 stone giant skeletons
  37 black mambas
  14 fire giant skeletons
  8 ice statues
  A shock serpent zombie (Geh:7)
  47 rust devils
  A torpor snail (Lair:4)
  4 apocalypse crabs
  6 water nymphs
  An elephant (shapeshifter) (Vaults:5)
  13 dire elephant zombies
  14 merfolk sirens
  14 frost giant skeletons
  16 vault sentinels
  A guardian serpent (shapeshifter) (WizLab)
  A titan simulacrum (Coc:5)
  A cane toad (shapeshifter) (WizLab)
  2 gargoyles (D:13)
  An unseen horror (D:13)
  14 cane toads
  3 shock serpent skeletons
  3 storm dragon simulacra
  An unseen horror (shapeshifter) (D:14)
  A torpor snail (shapeshifter) (Elf:1)
  9 guardian serpents
  Maggie (D:7)
  16 molten gargoyles
  54 smoke demons
  27 orange demons
  6 dire elephant skeletons
  3 eyes of devastation
  A rime drake (shapeshifter) (D:14)
  39 yaktaurs
  2 emperor scorpion zombies
  A green draconian zombie (Geh:7)
  2 rime drakes
  Psyche (D:8)
  5 kobold demonologists
  A sea snake zombie (Crypt:1)
  5 catoblepas zombies
  65 hellions
  58 tormentors
  29 guardian mummies
  A komodo dragon (shapeshifter) (Vaults:5)
  24 demonic crawlers
  5 efreet
  65 ice devils
  2 tengu conjurers
  65 freezing wraiths
  26 hellwings (Pan)
  47 red devils
  2 catoblepas skeletons (Geh:7)
  A green draconian skeleton (Crypt:3)
  11 silent spectres
  2 sea snake skeletons (Hell)
  13 komodo dragons
  36 hydra zombies
  A minotaur skeleton (Geh:6)
  A troll (shapeshifter) (Vaults:5)
  7 trolls
  A golden dragon simulacrum (Depths:3)
  2 meliai (shapeshifter) (WizLab)
  7 harpy zombies
  30 merfolk
  A polar bear (shapeshifter) (WizLab)
  A shadow dragon simulacrum (Coc:3)
  10 ancient zymes
  2 iron troll skeletons (Crypt:1)
  7 hornets
  3 meliai (D:15)
  A wind drake (shapeshifter) (WizLab)
  A jumping spider (shapeshifter) (Elf:1)
  A harpy skeleton (Coc:3)
  The ghost of Demosthentine the Poker, an amateur MfGl of the Shining One (D:4)
  22 blink frogs
  A polar bear (Lair:6)
  A sphinx simulacrum (Depths:1)
  9 ice dragon zombies
  20 raiju
  A blink frog (shapeshifter) (WizLab)
  2 tyrant leeches (shapeshifter)
  19 hydra skeletons
  2 hornets (shapeshifter) (WizLab)
  8 wind drakes
  A stone giant simulacrum (Crypt:3)
  13 ettin zombies
  8 fire dragon zombies
  8 snapping turtles
  14 alligator zombies
  A centaur simulacrum (D:15)
  A meliai zombie (Crypt:1)
  2 air elementals
  9 ice dragon skeletons
  4 black mamba zombies
  A spriggan (shapeshifter) (WizLab)
  239 flying skulls
  7 spriggans
  54 shadows
  44 starcursed masses
  9 ettin skeletons
  A redback (Vaults:5)
  A human (shapeshifter) (WizLab)
  8 fire dragon skeletons
  44 yaks
  35 ynoxinuls
  6 alligator skeletons
  5 basilisks
  43 water elementals
  63 wraiths
  A yak (shapeshifter) (Abyss:4)
  4 wyverns
  3 black mamba skeletons
  7 ushabtiu
  2 basilisks (shapeshifter) (WizLab)
  5 golden eyes
  31 fire elementals
  3 hogs (Lair:6)
  4 dire elephant simulacra
  A redback simulacrum (D:14)
  5 fire bats
  81 large abominations
  42 neqoxecs
  2 hogs (shapeshifter) (WizLab)
  A catoblepas simulacrum (Coc:5)
  76 chaos spawn
  9 vampire mosquitoes
  Menkaure (D:4)
  2 spatial vortices (Abyss:4)
  2 swamp worms (shapeshifter)
  3 harpy simulacra (IceCv)
  A merfolk zombie (Coc:1)
  2 iron troll simulacra (IceCv)
  2 deep troll zombies (Crypt:1)
  144 hell hounds
  54 nagas
  6 wargs
  4 hydra simulacra
  6 cane toad skeletons
  4 floating eyes (WizLab)
  2 floating eyes (shapeshifter)
  18 cane toad zombies
  24 small abominations
  19 water moccasins
  An acid dragon (D:13)
  Duvessa (D:7)
  A merfolk skeleton (Coc:2)
  A deep troll skeleton (Crypt:1)
  29 orc warriors
  A removed gelid demonspawn skeleton (Coc:5)
  5 swamp dragon zombies
  20 ice beasts
  A hornet zombie (D:9)
  A manticore zombie (Geh:4)
  A black bear (shapeshifter) (WizLab)
  67 necrophages
  15 snapping turtle zombies
  A fire dragon simulacrum (Crypt:3)
  An ice dragon simulacrum (Coc:5)
  A hog zombie (Crypt:2)
  12 ogres
  5 boggarts (Vaults:2)
  An elephant skeleton (Crypt:3)
  17 wolves
  A boggart (shapeshifter) (WizLab)
  3 manticore skeletons
  6 snapping turtle skeletons
  A wolf (shapeshifter) (Abyss:4)
  15 centaurs
  3 swamp dragon skeletons
  A rime drake zombie (Crypt:2)
  12 phantoms
  A draconian zombie (Crypt:3)
  4 lemures (D:8)
  An elf zombie (Dis:6)
  3 kobold brigands
  Blork the orc (D:5)
  15 bullfrogs
  2 wyvern zombies
  A scorpion (D:5)
  An earth elemental (Abyss:4)
  2 cane toad simulacra (Coc:5)
  Dowan (D:7)
  A warg zombie (Crypt:3)
  A spectral naga (Crypt:3)
  2 troll zombies
  A spriggan zombie (Coc:3)
  3 killer bees (D:10)
  108 wights
  A troll skeleton (Coc:2)
  2 electric eels
  5 howler monkeys
  2 spriggan skeletons
  2 crimson imps
  3 centaur zombies
  4 quasits
  41 orc priests
  3 hounds
  A human zombie (Dis:6)
  30 jellies
  6 centaur skeletons
  30 iron imps
  3 iguanas
  A bullfrog skeleton (Crypt:1)
  4 human skeletons
  29 orc wizards
  A killer bee zombie (D:8)
  A tengu zombie (Geh:2)
  2 naga zombies
  An ogre zombie (Tar:7)
  A hound skeleton (Crypt:3)
  46 mummies
  12 adders
  4 gnolls (D:7)
  23 shadow imps
  22 white imps
  3 ufetubi
  A lava snake zombie (Crypt:2)
  2 adder skeletons (D:4)
  3 worms (D:2)
  A dart slug (D:1)
  73 orcs
  7 endoplasms
  A giant cockroach (D:2)
  14 goblins
  8 hobgoblins
  9 jackals
  3 quokkas
  5 ball pythons
  5 bats
  A dart slug zombie (Crypt:2)
  3 frilled lizards
  A giant cockroach zombie (Crypt:1)
  A hobgoblin skeleton (Crypt:1)
  6 kobolds
  2 kobold skeletons
  A kobold zombie (Dis:7)
  An orc zombie (Dis:6)
  A quokka skeleton (Crypt:1)
  7 rats
  A spectral orc (Crypt:3)
  3 lurking horrors
  10 starspawn tentacles
  2 tentacles (Coc:7)
6447 creatures vanquished.

Vanquished Creatures (collateral kills)
  Mnoleg (Pan)
  A Tzitzimitl (Tar:7)
  3 Executioners (Pan)
  An azure jelly (Slime:5)
  A balrug (Pan)
  A quicksilver ooze (Slime:5)
  A reaper (Dis:7)
  A demonspawn black sun (Pan)
  A spectral golden dragon (Crypt:3)
  2 soul eaters (Pan)
  A sun demon (Geh:7)
  A spectral dire elephant (Crypt:3)
  A ghost (Pan)
  A storm dragon skeleton (Pan)
  A shadow wraith (Pan)
  2 shadow demons
  2 phantasmal warriors (Crypt:3)
  A rust devil (Dis:7)
  An orange demon (Pan)
  3 hellions
  2 freezing wraiths (Crypt:3)
  A slime creature (Slime:5)
  A ynoxinul (Pan)
  3 flying skulls
  A shadow (Crypt:3)
  2 neqoxecs (Pan)
  A mummy (Tomb:2)
38 creatures vanquished.

Vanquished Creatures (others)
  A draconian monk (Zot:2)
  2 eldritch tentacles
  A deep elf elementalist (Elf:3)
  An ironbound preserver (Vaults:5)
  A demonspawn blood saint (Pan)
  A demonspawn black sun (Pan)
  A naga warrior (Snake:4)
  A rakshasa (Depths:2)
  2 hell hogs
  An orange crystal statue (Zot:5)
  A deep elf pyromancer (Elf:1)
  A deep elf zephyrmancer (Zot:1)
  A manticore (Shoals:2)
  A guardian serpent (Snake:4)
  A hellwing (Pan)
  A flying skull (Tomb:2)
  3 humans (Lair:6)
  A fire elemental (Geh:7)
  2 chaos spawn (Pan)
  An iron imp (Dis:7)
  An orc (Orc:2)
  4 ball lightnings (Pan)
  A block of ice (Pan)
  2 fire vortices (Pan)
  24 fungi
  104 plants
  14 starspawn tentacles
  6 tentacles (Coc:7)
  2 withered plants (Snake:3)
183 creatures vanquished.

Grand Total: 6668 creatures vanquished

Notes
Turn   | Place    | Note
-------+----------+-------------------------------------------
     0 | D:1      | Sweeb the Demonspawn Gladiator began the quest for the Orb.
     0 | D:1      | Reached XP level 1. HP: 16/16 MP: 1/1
    80 | D:1      | Gained mutation: Your demonic aura sometimes causes spilled
                  | blood to erupt in flames. [demonic ancestry]
    80 | D:1      | Reached XP level 2. HP: 22/22 MP: 2/2
   576 | D:1      | Gained mutation: You are partially covered in sharp spines.
                  | [demonic ancestry]
   576 | D:1      | Reached XP level 3. HP: 28/28 MP: 3/3
  1270 | D:2      | Gained mutation: You have a pair of small horns on your
                  | head. [demonic ancestry]
  1270 | D:2      | Reached XP level 4. HP: 34/34 MP: 4/4
  1679 | D:3      | Found a shadowy altar of Dithmenos.
  1680 | D:3      | Found Niqitiyl's Distillery.
  1688 | D:3      | Bought 2 potions of curing for 66 gold pieces
  1991 | D:3      | Found Taosch's Weapon Shop.
  2159 | D:3      | Found an ancient bone altar of Kikubaaqudgha.
  2159 | D:3      | Found a shimmering blue altar of Sif Muna.
  2198 | D:3      | Found Todor's Armour Emporium.
  2304 | D:3      | Reached skill level 1 in Unarmed Combat
  2416 | D:3      | Found Sugomn's Distillery.
  2780 | D:4      | Noticed an ogre
  2782 | D:4      | Noticed a necrophage
  2788 | D:4      | Killed an ogre
  2789 | D:4      | Reached XP level 5. HP: 41/41 MP: 5/5
  2790 | D:4      | Killed a necrophage
  2791 | D:4      | Reached XP level 6. HP: 47/47 MP: 6/6
  2897 | D:4      | Found a runed translucent gate.
  2899 | D:4      | Found a runed translucent gate.
  2901 | D:4      | Found a runed translucent gate.
  2901 | D:4      | Found an opulent altar of Gozag.
  2902 | D:4      | Noticed a water moccasin
  2902 | D:4      | Noticed Demosthentine's ghost (amateur MfGl)
  3148 | D:4      | Noticed Menkaure
  3156 | D:4      | Killed Menkaure
  3157 | D:4      | Gained mutation: When seriously injured, your bleeding
                  | wounds create armour. (AC +0) [demonic ancestry]
  3157 | D:4      | Reached XP level 7. HP: 33/54 MP: 7/7
  4011 | D:5      | Entered Level 5 of the Dungeon
  4764 | D:5      | Reached skill level 5 in Unarmed Combat
  4804 | D:5      | Noticed Blork the orc
  4852 | D:5      | Reached skill level 5 in Fighting
  4852 | D:5      | Reached skill level 5 in Dodging
  4852 | D:5      | Reached XP level 8. HP: 46/62 MP: 8/8
  5119 | D:5      | Killed Blork the orc
  5120 | D:5      | Reached skill level 1 in Armour
  5587 | D:6      | Found a basalt altar of Yredelemnul.
  5605 | D:6      | Found an ornate altar of the Wu Jian Council.
  6983 | D:7      | Gained mutation: Your demonic aura often causes spilled
                  | blood to erupt in flames. [demonic ancestry]
  6983 | D:7      | Reached XP level 9. HP: 69/69 MP: 9/9
  7004 | D:7      | Noticed Maggie
  7021 | D:7      | Killed Maggie
  7273 | D:7      | Found a staircase to the Ecumenical Temple.
  7730 | D:7      | Noticed Dowan
  7731 | D:7      | Noticed Duvessa
  7742 | D:7      | Killed Dowan
  7744 | D:7      | Killed Duvessa
  8027 | D:8      | Found an iron altar of Okawaru.
  8039 | D:8      | Became a worshipper of Warmaster Okawaru
  8425 | D:8      | Found a runed translucent gate.
  8425 | D:8      | Noticed Rennog's ghost (novice TrMo)
  8426 | D:8      | Found a runed translucent gate.
  8427 | D:8      | Found a runed translucent gate.
  8462 | D:8      | Reached skill level 5 in Polearms
  8569 | D:8      | Noticed Pikel
  8579 | D:8      | Killed Pikel
  8580 | D:8      | Reached * piety under Okawaru
  8675 | D:8      | Gained mutation: You have a pair of horns on your head.
                  | [demonic ancestry]
  8675 | D:8      | Reached XP level 10. HP: 75/79 MP: 10/10
  8775 | D:8      | Noticed Psyche
  8786 | D:8      | Killed Psyche
  8787 | D:8      | Reached skill level 5 in Armour
  9039 | D:8      | Noticed Gastronok
  9065 | D:8      | Killed Gastronok
  9065 | D:8      | Reached ** piety under Okawaru
  9318 | D:9      | Found Oguwa's Jewellery Boutique.
  9360 | D:9      | Bought a ring of see invisible for 240 gold pieces
  9594 | D:9      | Found Fouzatoho's Antique Armour Shop.
  9598 | D:9      | Bought a glowing scarf for 272 gold pieces
  9620 | D:9      | Found Huixtar's Assorted Antiques.
  9633 | D:9      | Found a hide-covered altar of Uskayaw.
  9698 | D:9      | Reached *** piety under Okawaru
  9825 | D:9      | Found Jiotocko's Magic Scroll Shoppe.
  9861 | D:9      | Found Zucheker's Weapon Shoppe.
 10093 | D:9      | Noticed a two-headed ogre
 10098 | D:9      | Killed a two-headed ogre
 10130 | D:10     | Entered Level 10 of the Dungeon
 10132 | D:10     | Noticed a two-headed ogre
 10142 | D:10     | Gained mutation: When seriously injured, your bleeding
                  | wounds create thick armour. (AC +0) [demonic ancestry]
 10142 | D:10     | Reached XP level 11. HP: 79/87 MP: 11/11
 10149 | D:10     | Reached **** piety under Okawaru
 10151 | D:10     | Killed a two-headed ogre
 10895 | D:10     | Noticed a two-headed ogre
 10903 | D:10     | Killed a two-headed ogre
 11055 | D:10     | Reached ***** piety under Okawaru
 11245 | D:11     | Noticed an oklob plant
 11245 | D:11     | Noticed an oklob plant
 11427 | D:11     | Found a staircase to the Lair.
 11429 | D:11     | Noticed an oklob plant
 11460 | D:11     | Noticed a two-headed ogre
 11478 | D:11     | Killed a two-headed ogre
 11536 | D:11     | Reached skill level 10 in Polearms
 11771 | D:11     | Noticed a phantasmal warrior
 11791 | D:11     | Killed a phantasmal warrior
 11792 | D:11     | Reached skill level 10 in Fighting
 12009 | D:11     | Noticed a phantasmal warrior
 12021 | D:11     | Killed a phantasmal warrior
 12451 | D:11     | Noticed a death knight
 12829 | Lair:1   | Entered Level 1 of the Lair of Beasts
 13066 | Lair:1   | Gained mutation: Your demonic aura causes all spilled blood
                  | to erupt in flames. [demonic ancestry]
 13066 | Lair:1   | Reached XP level 12. HP: 97/97 MP: 12/12
 13358 | Lair:1   | Noticed a five-headed hydra
 13377 | Lair:1   | Killed a five-headed hydra
 13385 | Lair:1   | Received a gift from Okawaru
 13604 | Lair:1   | Noticed a six-headed hydra
 13608 | Lair:1   | Killed a six-headed hydra
 13660 | Lair:1   | Found the +2 shield of Resistance {rF++ rC++ Will++}
 13997 | Lair:1   | Reached skill level 1 in Shields
 14044 | Lair:1   | Noticed a catoblepas
 14052 | Lair:1   | Killed a catoblepas
 14678 | Lair:2   | Noticed a six-headed hydra
 14691 | Lair:2   | Killed a six-headed hydra
 14691 | Lair:2   | Reached ****** piety under Okawaru
 15045 | Lair:2   | Received a gift from Okawaru
 15279 | Lair:2   | Reached skill level 5 in Shields
 15695 | Lair:3   | Found a staircase to the Shoals.
 15709 | Lair:3   | Reached XP level 13. HP: 87/106 MP: 13/13
 16131 | Lair:3   | Identified the +5 scale mail "Epuahit" {rElec Regen+ Slay+5
                  | Stlth-} (Okawaru gifted it to you on level 3 of the Lair of
                  | Beasts)
 16131 | Lair:3   | Received a gift from Okawaru
 16532 | Lair:3   | Found a hide-covered altar of Uskayaw.
 16532 | Lair:3   | Found an ornate altar of the Wu Jian Council.
 17034 | Lair:4   | Found a staircase to the Snake Pit.
 18078 | Lair:5   | Found a staircase to the Slime Pits.
 18330 | Lair:5   | You fall into a shaft and drop 1 floor!
 18330 | Lair:6   | Entered Level 6 of the Lair of Beasts
 18368 | Lair:6   | Received a gift from Okawaru
 18392 | Lair:6   | Noticed Kirke
 18414 | Lair:6   | Noticed a sphinx
 18420 | Lair:6   | Killed Kirke
 18420 | Lair:6   | Received a gift from Okawaru
 18491 | Lair:6   | Reached XP level 14. HP: 116/116 MP: 14/14
 18540 | Lair:6   | Found a bloodstained altar of Trog.
 18551 | Lair:6   | Noticed Ikheod's ghost (journeyman MfGl)
 18564 | Lair:6   | Found a transporter.
 18639 | Lair:6   | Found a transporter.
 19443 | Lair:6   | Reached skill level 10 in Shields
 19484 | Lair:6   | Identified the +6 fustibalus of Okawaru {vorpal, *Drain
                  | +Inv rN+ Dex+4} (Okawaru gifted it to you on level 6 of the
                  | Lair of Beasts)
 19484 | Lair:6   | Received a gift from Okawaru
 19668 | Lair:6   | Identified the +1 chain mail of Fortitude {rF+ Regen+ MP+9}
 19670 | Lair:6   | Identified the +2 hunting sling of Disharmony {vorpal, rC+}
 19784 | Lair:5   | Noticed Snorg
 19794 | Lair:5   | Killed Snorg
 20436 | D:11     | Found a portal to a secret trove of treasure.
 20513 | D:12     | Found a runed translucent gate.
 20513 | D:12     | Found a runed translucent gate.
 20528 | D:12     | Noticed Synwij's ghost (journeyman DsFi)
 20606 | D:12     | Found a flagged portal.
 20644 | D:12     | Identified the +7 mace of Apnaal {drain, rElec Dex+3}
 20907 | D:12     | Found a runed translucent gate.
 21083 | D:12     | Found a staircase to the Orcish Mines.
 21339 | D:13     | Received a gift from Okawaru
 22219 | D:14     | You fall into a shaft and drop 1 floor!
 22219 | D:15     | Entered Level 15 of the Dungeon
 22562 | D:15     | Noticed a white very ugly thing
 22569 | D:15     | Gained mutation: You are mostly covered in sharp spines.
                  | [demonic ancestry]
 22569 | D:15     | Reached XP level 15. HP: 58/124 MP: 7/15
 22589 | D:15     | Noticed a ghost moth
 22594 | D:15     | Noticed a storm dragon
 22594 | D:15     | a ghost moth changed into a storm dragon
 22595 | D:15     | Killed a storm dragon
 22713 | D:15     | Found a staircase to the Depths.
 23055 | D:15     | Found an opulent altar of Gozag.
 23421 | D:14     | Identified the +11 trident of the Land of Plenty {pain,
                  | rElec Str+2 Int+2 Stlth+} (Okawaru gifted it to you on
                  | level 14 of the Dungeon)
 23421 | D:14     | Received a gift from Okawaru
 23764 | D:14     | Gained mutation: You are clumsy. (Dex -2) [a shining eye]
 23766 | D:14     | Found a gate to the Vaults.
 23770 | D:14     | Reached skill level 1 in Necromancy
 24008 | D:14     | Identified the +1 chain mail of Disguise {Harm rC- rN++}
 24026 | D:14     | Identified the +8 arbalest of the Saving Seeker {flame,
                  | Stlth+}
 24238 | D:14     | Identified the +9 broad axe of Reuvi {vorpal, Int+2}
                  | (Okawaru gifted it to you on level 14 of the Dungeon)
 24238 | D:14     | Received a gift from Okawaru
 24355 | Orc:1    | Entered Level 1 of the Orcish Mines
 24411 | Orc:1    | Noticed Maurice
 24421 | Orc:1    | Killed Maurice
 24745 | Orc:2    | Entered Level 2 of the Orcish Mines
 24910 | Orc:2    | Noticed Azrael
 24916 | Orc:2    | Noticed Jorgrun
 24920 | Orc:2    | Noticed Nessos
 24928 | Orc:2    | Noticed Erolcha
 24996 | Orc:2    | Killed Erolcha
 25010 | Orc:2    | Received a gift from Okawaru
 25042 | Orc:2    | Found Jucusin's General Store.
 25042 | Orc:2    | Found Uckucwomyf's General Store.
 25042 | Orc:2    | Found Tunitups's Assorted Antiques.
 25063 | Orc:2    | Found Xeow's Book Emporium.
 25063 | Orc:2    | Killed Nessos
 25071 | Orc:2    | Bought a potion of heal wounds for 55 gold pieces
 25095 | Orc:2    | Killed Jorgrun
 25100 | Orc:2    | Killed Azrael
 25106 | Orc:2    | Reached XP level 16. HP: 108/133 MP: 16/16
 25217 | Orc:2    | Found a staircase to the Elven Halls.
 25219 | Orc:2    | Found a burning altar of Makhleb.
 25347 | Orc:2    | Noticed Josephine
 25358 | Orc:2    | Killed Josephine
 25758 | Shoals:1 | Entered Level 1 of the Shoals
 25812 | Shoals:1 | Reached skill level 5 in Necromancy
 25948 | Shoals:2 | Found Cyrch's Magic Scroll Emporium.
 25948 | Shoals:2 | Noticed Ilsuiw
 26054 | Snake:1  | Entered Level 1 of the Snake Pit
 26170 | Snake:1  | Identified the +7 chain mail "Ciwyl" {Str+3 Stlth+}
                  | (Okawaru gifted it to you on level 1 of the Snake Pit)
 26170 | Snake:1  | Received a gift from Okawaru
 27212 | Snake:1  | Reached skill level 15 in Fighting
 27662 | Snake:2  | Received a gift from Okawaru
 27950 | Snake:3  | Noticed Vashnia
 27952 | Snake:3  | Noticed Louise
 27963 | Snake:3  | Killed Vashnia
 27964 | Snake:3  | Reached skill level 15 in Shields
 27964 | Snake:3  | Gained mutation: You are completely covered in sharp
                  | spines. [demonic ancestry]
 27964 | Snake:3  | Reached XP level 17. HP: 35/142 MP: 17/17
 28094 | Snake:3  | Killed Louise
 28379 | Snake:3  | Found a runed translucent door.
 28379 | Snake:3  | Noticed Moetotwaph's ghost (adept HaHu)
 28687 | Snake:4  | Entered Level 4 of the Snake Pit
 28710 | Snake:4  | Identified the +10 plate armour of the Villain {+Inv Regen+
                  | Int+4 Dex-4} (Okawaru gifted it to you on level 4 of the
                  | Snake Pit)
 28710 | Snake:4  | Received a gift from Okawaru
 28907 | Snake:4  | Noticed Asterion
 28926 | Snake:4  | Killed Asterion
 29219 | Snake:4  | Noticed Aizul
 29230 | Snake:4  | Killed Aizul
 29427 | Snake:4  | Noticed Mara
 29450 | Snake:4  | Killed Mara
 29872 | Snake:4  | Reached skill level 10 in Necromancy
 29897 | Snake:4  | Received a gift from Okawaru
 30102 | Snake:4  | Gained mutation: You have a pair of large horns on your
                  | head. [demonic ancestry]
 30102 | Snake:4  | Reached XP level 18. HP: 56/151 MP: 18/18
 30239 | Snake:4  | Found Isuthon's Distillery.
 30254 | Snake:4  | Bought 2 potions of might for 112 gold pieces
 30348 | Snake:4  | Received a gift from Okawaru
 30503 | Snake:4  | Got a serpentine rune of Zot
 31234 | Vaults:1 | Entered Level 1 of the Vaults
 31839 | Vaults:1 | Received a gift from Okawaru
 32843 | Vaults:2 | Noticed a bone dragon
 32857 | Vaults:2 | Killed a bone dragon
 32891 | Vaults:2 | Found a staircase to the Crypt.
 32916 | Vaults:2 | Received a gift from Okawaru
 33078 | Vaults:2 | Received a gift from Okawaru
 33115 | Vaults:2 | Reached XP level 19. HP: 93/159 MP: 19/19
 33118 | Vaults:2 | Received a gift from Okawaru
 33288 | Vaults:2 | Received a gift from Okawaru
 33564 | Shoals:2 | Killed Ilsuiw
 33657 | Shoals:2 | Bought a scroll of enchant weapon for 112 gold pieces
 33657 | Shoals:2 | Bought 2 scrolls of enchant armour for 225 gold pieces
 33657 | Shoals:2 | Bought a scroll of enchant weapon for 112 gold pieces
 33657 | Shoals:2 | Bought a scroll of magic mapping for 52 gold pieces
 33657 | Shoals:2 | Bought a scroll of teleportation for 45 gold pieces
 33696 | Shoals:2 | You are sucked into a shaft and drop 1 floor!
 33717 | Shoals:3 | Identified Roxanne's Guide on Shape Shifting
 33717 | Shoals:3 | Noticed Roxanne
 33777 | Shoals:3 | Identified a scroll of acquirement
 33792 | Shoals:3 | Killed Roxanne
 33793 | Shoals:3 | Reached skill level 10 in Armour
 33834 | Shoals:3 | Acquired 444 gold pieces
 34052 | Shoals:3 | Reached skill level 15 in Polearms
 34174 | Shoals:3 | Identified the +7 chain mail of the Last Knives {rC+ rCorr
                  | SInv}
 34783 | Shoals:4 | Entered Level 4 of the Shoals
 35224 | Shoals:4 | Identified the ring "Zuphyps" {rElec rPois rN+ Will-
                  | Slay+5}
 35435 | Shoals:4 | Received a gift from Okawaru
 35469 | Shoals:4 | Received a gift from Okawaru
 35470 | Shoals:4 | Reached skill level 1 in Invocations
 35480 | Shoals:4 | Got a barnacled rune of Zot
 35995 | Shoals:2 | Noticed Polyphemus
 36080 | Shoals:1 | Noticed Nikola
 36086 | Shoals:1 | Killed Nikola
 36086 | Shoals:1 | Identified the +0 chain mail of Impermeability {Harm
                  | *Corrode rC- Stlth+} (Okawaru gifted it to you on level 1
                  | of the Shoals)
 36086 | Shoals:1 | Received a gift from Okawaru
 36221 | Shoals:1 | Found Vetiog's Distillery.
 36248 | Shoals:1 | Bought a potion of berserk rage for 70 gold pieces
 36248 | Shoals:1 | Bought a potion of berserk rage for 70 gold pieces
 36248 | Shoals:1 | Bought a potion of heal wounds for 70 gold pieces
 36707 | Shoals:1 | Reached XP level 20. HP: 168/168 MP: 23/23
 38231 | Vaults:3 | Identified the ring "Hohu" {rElec rF- Will+ Dex+2}
 38238 | Vaults:3 | Noticed Jory
 38262 | Vaults:3 | Killed Jory
 38367 | Vaults:3 | Acquired a manual of Necromancy
 38420 | Vaults:3 | Received a gift from Okawaru
 38526 | Vaults:3 | Identified the +1 ring mail of Repulsion {rF+} (Okawaru
                  | gifted it to you on level 3 of the Vaults)
 38526 | Vaults:3 | Received a gift from Okawaru
 39111 | Vaults:4 | Reached skill level 10 in Dodging
 39163 | Vaults:4 | Reached skill level 15 in Necromancy
 39325 | Vaults:4 | Identified the +2 robe of Duck's Teeth {Dex+4 Stlth+}
 39651 | Vaults:4 | Identified the +4 chain mail of Reasonable Creativity {rF+
                  | rC+} (Okawaru gifted it to you on level 4 of the Vaults)
 39651 | Vaults:4 | Received a gift from Okawaru
 39677 | Vaults:4 | Gained mutation: You are robust. (+10% HP) [demonic
                  | ancestry]
 39677 | Vaults:4 | Reached XP level 21. HP: 169/195 MP: 24/24
 40134 | Vaults:5 | Entered Level 5 of the Vaults
 40345 | Vaults:5 | Identified the ring "Cit Syn" {rPois Str+6}
 40347 | Vaults:5 | Identified the +9 scimitar "Jellybane" {venom, Str+4}
 40369 | Vaults:5 | Identified the ring of Viemit {Will+ MP+9 Dex+4}
 40382 | Vaults:5 | Identified Nima's Incunabulum of the Vitriolic Entourage
 40384 | Vaults:5 | Identified the +10 trident of Qotaoguc {freeze, rF+ Str+2
                  | Dex+5}
 40386 | Vaults:5 | Got a silver rune of Zot
 40391 | Vaults:5 | Identified the +3 leather armour of the Unbroken {rC+
                  | rCorr}
 40398 | Vaults:5 | Identified the +10 spear of Tenacity {antimagic, Dex+2}
 40491 | Vaults:5 | Noticed a golden dragon
 40501 | Vaults:5 | Killed a golden dragon
 40583 | Vaults:5 | Received a gift from Okawaru
 40739 | Vaults:5 | Identified the +8 triple sword "Hydrabane" {vorpal, Stlth+}
 41034 | Vaults:5 | Found Fajacuong's Distillery.
 41081 | Vaults:5 | Bought a potion of heal wounds for 95 gold pieces
 41081 | Vaults:5 | Bought a potion of heal wounds for 95 gold pieces
 41081 | Vaults:5 | Bought a potion of heal wounds for 95 gold pieces
 41212 | Vaults:5 | Gained mutation: When seriously injured, your bleeding
                  | wounds create very thick armour. (AC +0) [demonic ancestry]
 41212 | Vaults:5 | Reached XP level 22. HP: 194/205 MP: 25/25
 41251 | Vaults:5 | Acquired a +1 pair of gloves of dexterity
 41296 | Vaults:5 | Identified the +12 spear of Ireim {freeze, rF+}
 41435 | Vaults:5 | Noticed a golden dragon
 41444 | Vaults:5 | Killed a golden dragon
 41820 | Vaults:5 | Received a gift from Okawaru
 41950 | Vaults:5 | Lost mutation: You are clumsy. (Dex -2) [potion of
                  | mutation]
 41950 | Vaults:5 | Gained mutation: You have a somewhat thin skeletal
                  | structure. (Dex +2, Stealth+) [potion of mutation]
 41950 | Vaults:5 | Gained mutation: Your muscles are strong. (Str +2) [potion
                  | of mutation]
 42218 | Elf:1    | Entered Level 1 of the Elven Halls
 42235 | Elf:1    | Found a radiant altar of Vehumet.
 42252 | Elf:1    | Found a flickering gateway to a bazaar.
 42257 | Bazaar   | Entered a bazaar
 42257 | Bazaar   | Found Carghyrr's Jewellery Shoppe.
 42275 | Bazaar   | Found Ukloec's Armour Shoppe.
 42281 | Bazaar   | Found Jiowilom's Antique Weapon Shop.
 42290 | Bazaar   | Found Qarod's General Store.
 42298 | Bazaar   | Bought a scroll of identify for 24 gold pieces
 42851 | Elf:1    | Identified the +0 pair of boots of Defiance {Str+4}
                  | (Okawaru gifted it to you on level 1 of the Elven Halls)
 42851 | Elf:1    | Received a gift from Okawaru
 43289 | Elf:2    | Found a frozen archway.
 43335 | Elf:2    | Found Zamutwue's Weapon Shop.
 43364 | IceCv    | Entered an ice cave
 43654 | IceCv    | Identified the +1 robe of Kaastij {+Inv rPois rF- Dex+8}
 43663 | IceCv    | Identified the +6 plate armour "Cuiv" {Rampage rF+++ Str+3
                  | Dex-4}
 43925 | Elf:2    | Identified the ring "Vab Epic" {rC+ Will- Dex+6}
 43930 | Elf:2    | Identified Sif Muna's Papyrus of Lightness
 44178 | Elf:2    | Found a huge runed translucent gate.
 44178 | Elf:2    | Found a huge runed translucent gate.
 44178 | Elf:2    | Found a huge runed translucent gate.
 44178 | Elf:2    | Found a huge runed translucent gate.
 44178 | Elf:2    | Found a huge runed translucent gate.
 44583 | Elf:2    | Noticed Saint Roka
 44632 | Elf:2    | Killed Saint Roka
 45232 | Elf:3    | Entered Level 3 of the Elven Halls
 45457 | Elf:3    | Reached XP level 23. HP: 194/215 MP: 22/26
 45467 | Elf:3    | Received a gift from Okawaru
 45760 | Elf:3    | Identified the ring "Mompith" {Fire MP+9}
 45994 | Elf:3    | Identified the +3 hunting sling of Vanimid {freeze, SInv}
 46024 | Elf:3    | Identified the +3 hand crossbow "Loyruse Odong" {vorpal,
                  | Dex+7 Stlth+}
 46027 | Elf:3    | Identified the +1 plate armour of the Will of the Gods
                  | {Dex+4}
 46029 | Elf:3    | Identified the Reference Book on Supportive Poison
 46050 | Elf:3    | Found the +6 shillelagh "Devastator" {shatter}
 46062 | Elf:3    | Identified the +8 war axe of Qazlal's Regard {pain, Str+4
                  | SInv Stlth+}
 46116 | Elf:3    | Identified the +10 arbalest "Amolaol" {elec, Stlth+}
 46751 | Depths:1 | Entered Level 1 of the Depths
 47464 | Depths:1 | Found a broken altar of Ashenzari.
 47519 | Depths:1 | Received a gift from Okawaru
 47580 | Depths:1 | Found a gateway to a ziggurat.
 48188 | Depths:1 | Reached skill level 15 in Armour
 48359 | Depths:1 | Found a gateway to Hell.
 49038 | Depths:2 | Identified the +1 leather armour of the Orcish Mines {rElec
                  | Will++}
 49053 | Depths:2 | Noticed a juggernaut
 49089 | Depths:2 | Killed a juggernaut
 49092 | Depths:2 | Received a gift from Okawaru
 49470 | Depths:2 | Reached XP level 24. HP: 190/226 MP: 26/26
 49618 | Depths:2 | Identified the +1 halberd "Byna" {freeze, *Rage rPois rC+
                  | rN+++}
 49637 | Depths:2 | Identified the ring "Igeukuoth" {rElec rPois Str+6}
 49653 | Depths:2 | Identified the Almanac of Flames and Changing
 49819 | Depths:2 | Identified the +6 hunting sling of the Ancient Dances
                  | {freeze, +Blink rElec rC+} (Okawaru gifted it to you on
                  | level 2 of the Depths)
 49819 | Depths:2 | Received a gift from Okawaru
 49883 | Depths:2 | Noticed a juggernaut
 49890 | Depths:2 | Killed a juggernaut
 50197 | Depths:2 | Identified the +7 halberd of Dedawe {spect, Fragile rN++}
 50197 | Depths:2 | Identified the ring "Polihuj" {rF++ Int+6 Dex+5 Slay-6}
 50289 | Depths:2 | Found a runed translucent door.
 50638 | Depths:2 | Received a gift from Okawaru
 50745 | Depths:2 | Noticed a juggernaut
 50751 | Depths:2 | Reached skill level 15 in Dodging
 50759 | Depths:2 | Killed a juggernaut
 50830 | Depths:2 | Acquired 773 gold pieces
 50868 | Depths:2 | Received a gift from Okawaru
 50961 | Depths:2 | Identified the +5 scale mail of Leapfrog {-Tele rPois rF-
                  | Int+4}
 50995 | Depths:2 | Identified the +6 bardiche "Cerej" {vorpal, Int+5}
 51365 | Depths:2 | Identified the Incunabulum of Fire and the Escort
 51738 | D:11     | You paid a toll of +3 gold dragon scales to enter a
                  | treasure trove
 51739 | Trove    | Entered a treasure trove
 51804 | Trove    | Identified Amobli's Handbook of Hurtful Dislocation
 51807 | Trove    | Identified Sif Muna's Almanac of Destructive Evil
 52362 | Depths:3 | Found the +3 pair of gauntlets of War {Slay+5}
 52427 | Depths:3 | Gained mutation: You are very robust. (+20% HP) [demonic
                  | ancestry]
 52427 | Depths:3 | Reached XP level 25. HP: 227/258 MP: 26/26
 52502 | Depths:3 | Found a transporter.
 52699 | Depths:3 | Found a one-way gate to the infinite horrors of the Abyss.
 52762 | Depths:3 | Found a transporter.
 52954 | Depths:3 | Found a one-way gate leading to the halls of Pandemonium.
 53005 | Depths:3 | Found an ancient bone altar of Kikubaaqudgha.
 53547 | D:4      | Killed Demosthentine's ghost
 53867 | D:8      | Killed Rennog's ghost
 53904 | D:9      | Bought the ring of Agaalusch {Str+6 Dex+4 SInv} for 688
                  | gold pieces
 54099 | D:12     | Received a gift from Okawaru
 54106 | D:12     | Killed Synwij's ghost
 54123 | D:12     | Identified the ring "Nuhanem" {Str+6 Int+2}
 54735 | Lair:6   | Killed Ikheod's ghost
 55076 | Orc:2    | Fell from the grace of Okawaru
 55076 | Orc:2    | Became a worshipper of Makhleb the Destroyer
 55275 | Depths:2 | Reached skill level 5 in Invocations
 55802 | Depths:4 | Reached * piety under Makhleb
 56809 | Depths:5 | Entered Level 5 of the Depths
 56822 | Depths:5 | Found Woono's Book Boutique.
 56938 | Depths:5 | Found a magical portal.
 56949 | WizLab   | Entered Cigotuvi's Fleshworks
 56969 | WizLab   | Reached ** piety under Makhleb
 57773 | WizLab   | Paralysed by a floating eye for 4 turns
 57807 | WizLab   | Found the -2 hat of the Alchemist {rElec rPois rF+ rC+ rN+
                  | Will+ rMut rCorr}
 57879 | WizLab   | Reached skill level 10 in Invocations
 58163 | WizLab   | Reached *** piety under Makhleb
 58206 | WizLab   | Identified Cigotuvi's Compendium of Lethal Transmutation
 58793 | Depths:5 | Reached **** piety under Makhleb
 58881 | Depths:5 | Found a gate to the Realm of Zot.
 59236 | Depths:5 | Acquired 836 gold pieces
 59564 | Vaults:5 | Bought a potion of curing for 57 gold pieces
 59564 | Vaults:5 | Bought a potion of curing for 57 gold pieces
 59564 | Vaults:5 | Bought a potion of curing for 57 gold pieces
 59564 | Vaults:5 | Bought a potion of curing for 57 gold pieces
 59832 | Orc:2    | Bought a wand of digging (4) for 176 gold pieces
 60067 | Zot:1    | Entered Level 1 of the Realm of Zot
 60320 | Zot:1    | Reached XP level 26. HP: 268/268 MP: 32/32
 61459 | Zot:2    | Reached ***** piety under Makhleb
 61551 | Zot:2    | Was forgiven by Okawaru
 62184 | Zot:3    | Reached skill level 15 in Invocations
 63590 | Slime:1  | Entered Level 1 of the Pits of Slime
 64131 | Slime:2  | Gained mutation: Armour fits poorly on your strangely
                  | shaped body. [a shining eye]
 64168 | Slime:2  | Lost mutation: Armour fits poorly on your strangely shaped
                  | body. [potion of mutation]
 64168 | Slime:2  | Lost mutation: Your muscles are strong. (Str +2) [potion of
                  | mutation]
 64168 | Slime:2  | Lost mutation: You have a somewhat thin skeletal structure.
                  | (Dex +2, Stealth+) [potion of mutation]
 64168 | Slime:2  | Gained mutation: You are dopey. (Int -2) [potion of
                  | mutation]
 64168 | Slime:2  | Gained mutation: You are strong-willed. (Will+) [potion of
                  | mutation]
 64169 | Slime:2  | Lost mutation: You are strong-willed. (Will+) [potion of
                  | mutation]
 64169 | Slime:2  | Lost mutation: You are dopey. (Int -2) [potion of mutation]
 64169 | Slime:2  | Gained mutation: You are occasionally teleported next to
                  | monsters. [potion of mutation]
 64169 | Slime:2  | Gained mutation: You are agile. (Dex +2) [potion of
                  | mutation]
 64169 | Slime:2  | Gained mutation: You have hidden genetic potential. [potion
                  | of mutation]
 64801 | Slime:3  | Gained mutation: Armour fits poorly on your strangely
                  | shaped body. [a shining eye]
 64803 | Slime:3  | Lost mutation: You have hidden genetic potential. [potion
                  | of mutation]
 64803 | Slime:3  | Lost mutation: You are agile. (Dex +2) [potion of mutation]
 64803 | Slime:3  | Gained mutation: You are agile. (Dex +2) [potion of
                  | mutation]
 64803 | Slime:3  | Gained mutation: Your spells are a little harder to cast,
                  | but a little more powerful. [potion of mutation]
 64804 | Slime:3  | Lost mutation: You are agile. (Dex +2) [potion of mutation]
 64804 | Slime:3  | Lost mutation: Your spells are a little harder to cast, but
                  | a little more powerful. [potion of mutation]
 64804 | Slime:3  | Gained mutation: You are sometimes teleported next to
                  | monsters. [potion of mutation]
 64804 | Slime:3  | Gained mutation: Your flesh is cold resistant. (rC+)
                  | [potion of mutation]
 64804 | Slime:3  | Gained mutation: You have large cloven feet. [potion of
                  | mutation]
 64805 | Slime:3  | Lost mutation: Armour fits poorly on your strangely shaped
                  | body. [potion of mutation]
 64805 | Slime:3  | Lost mutation: You are sometimes teleported next to
                  | monsters. [potion of mutation]
 64805 | Slime:3  | Lost mutation: You are occasionally teleported next to
                  | monsters. [potion of mutation]
 64805 | Slime:3  | Gained mutation: Your muscles are strong. (Str +2) [potion
                  | of mutation]
 64805 | Slime:3  | Gained mutation: You possess an exceptional clarity of
                  | mind. [potion of mutation]
 64805 | Slime:3  | Gained mutation: Your mind is acute. (Int +2) [potion of
                  | mutation]
 64984 | Slime:4  | Reached ****** piety under Makhleb
 65022 | Slime:4  | Gained mutation: You are extremely robust. (+30% HP)
                  | [demonic ancestry]
 65022 | Slime:4  | Reached XP level 27. HP: 272/302 MP: 35/35
 65281 | Slime:5  | Entered Level 5 of the Pits of Slime
 65446 | Slime:5  | Found a viscous altar of Jiyva.
 65447 | Slime:5  | Noticed the Royal Jelly
 65504 | Slime:5  | Killed the Royal Jelly
 65540 | Slime:5  | Identified the Grimoire of Gliding Contamination
 65541 | Slime:5  | Found the macabre finger necklace {rN+}
 65638 | Slime:5  | Got a slimy rune of Zot
 65661 | Slime:5  | Identified the +2 pair of boots of Tender Moments {+Inv
                  | rPois}
 65667 | Slime:5  | Identified Sif Muna's Compendium of Changing
 65674 | Slime:5  | Identified Dispater's Papyrus of Clay and Creation
 65761 | Slime:5  | Identified the +6 shortbow "Jyah" {speed, rElec Will+
                  | Int+4}
 65772 | Slime:5  | Identified the +2 scale mail of Burnt Awe {*Contam rN+
                  | rCorr}
 66288 | Shoals:2 | Found Uwyaphif's Armour Shop.
 66496 | Shoals:2 | Killed Polyphemus
 66587 | Shoals:2 | Found Wuhick's Weapon Shoppe.
 67547 | Depths:3 | Voluntarily entered the Abyss.
 67691 | Abyss:1  | Found a corrupted altar of Lugonu.
 67984 | Abyss:1  | Reached skill level 1 in Spellcasting
 68290 | Abyss:1  | Noticed a dread lich
 68302 | Abyss:1  | Killed a dread lich
 68415 | Abyss:2  | Identified the Collected Works on the Ashen Arsonist
 68840 | Abyss:2  | Reached skill level 5 in Spellcasting
 69125 | Abyss:3  | Found a blossoming altar of Fedhas.
 69449 | Abyss:3  | Learned a level 2 spell: Wereblood
 69467 | Abyss:4  | Found a corrupted altar of Lugonu.
 69550 | Abyss:4  | Noticed an ancient lich
 69558 | Abyss:4  | Killed an ancient lich
 69559 | Abyss:4  | Reached skill level 1 in Transmutations
 69641 | Abyss:4  | Found a corrupted altar of Lugonu.
 69805 | Abyss:4  | Got an abyssal rune of Zot
 70097 | Abyss:4  | Paralysed by you for 6 turns
 70112 | Abyss:4  | Noticed an ancient lich
 70121 | Abyss:4  | Killed an ancient lich
 70292 | Abyss:5  | Entered Level 5 of the Abyss
 70353 | Depths:3 | Escaped the Abyss
 71237 | Depths:3 | Gained mutation: You are occasionally teleported next to
                  | monsters. [mutagenic glow]
 71244 | Depths:3 | Identified the amulet "Lywafull" {Reflect Will+++ Int-2
                  | Slay-6 SH+5 SInv}
 71255 | Depths:3 | Gained mutation: Potions are less effective at restoring
                  | your health. [mutagenic glow]
 71257 | Depths:3 | Identified the amulet of Soiceavu {Acrobat rN+ Str+4}
 71788 | Hell     | Entered the Vestibule of Hell
 71788 | Hell     | Noticed Geryon
 71843 | Hell     | Killed Geryon
 71943 | Hell     | Found a gateway to the Iron City of Dis.
 71953 | Dis:1    | Entered Level 1 of the Iron City of Dis
 72090 | Dis:1    | Reached skill level 5 in Transmutations
 73133 | Dis:1    | Reached skill level 10 in Spellcasting
 74569 | Dis:3    | You fall into a shaft and drop 3 floors!
 75421 | Dis:7    | Entered Level 7 of the Iron City of Dis
 75444 | Dis:7    | Gained mutation: You sometimes lose the ability to read
                  | scrolls when taking damage. [a cacodemon]
 75458 | Dis:7    | Gained mutation: You are clumsy. (Dex -2) [a cacodemon]
 75483 | Dis:7    | Lost mutation: Your muscles are strong. (Str +2) [a
                  | cacodemon]
 75484 | Dis:7    | Lost mutation: Your mind is acute. (Int +2) [a cacodemon]
 76063 | Dis:7    | Lost mutation: Potions are less effective at restoring your
                  | health. [potion of mutation]
 76063 | Dis:7    | Lost mutation: Your flesh is cold resistant. (rC+) [potion
                  | of mutation]
 76063 | Dis:7    | Gained mutation: Your spells are a little harder to cast,
                  | but a little more powerful. [potion of mutation]
 76063 | Dis:7    | Gained mutation: You have a somewhat thin skeletal
                  | structure. (Dex +2, Stealth+) [potion of mutation]
 76063 | Dis:7    | Gained mutation: You are resistant to electric shocks.
                  | (rElec) [potion of mutation]
 76063 | Dis:7    | Gained mutation: You are strong-willed. (Will+) [potion of
                  | mutation]
 76064 | Dis:7    | Lost mutation: You sometimes lose the ability to read
                  | scrolls when taking damage. [potion of mutation]
 76064 | Dis:7    | Lost mutation: You possess an exceptional clarity of mind.
                  | [potion of mutation]
 76064 | Dis:7    | Lost mutation: You have a somewhat thin skeletal structure.
                  | (Dex +2, Stealth+) [potion of mutation]
 76064 | Dis:7    | Gained mutation: You are somewhat resistant to further
                  | mutation. [potion of mutation]
 76065 | Dis:7    | Lost mutation: You are occasionally teleported next to
                  | monsters. [potion of mutation]
 76065 | Dis:7    | Gained mutation: Your natural rate of healing is unusually
                  | fast. [potion of mutation]
 76367 | Dis:7    | Found the +4 staff of Dispater
 76367 | Dis:7    | Noticed Dispater
 76436 | Dis:7    | HP: 7/312 [Hell Sentinel/damnation[Dispater] (36)]
 76442 | Dis:7    | HP: 10/312 [Brimstone Fiend/damnation[the effects of Hell]
                  | (18)]
 76646 | Dis:7    | Got an iron rune of Zot
 76647 | Dis:7    | Identified Sif Muna's Almanac of Vitriolic Snow
 76772 | Dis:7    | Killed Dispater
 77025 | Hell     | Found a gateway to the freezing wastes of Cocytus.
 77140 | Hell     | Found a gateway to the decaying netherworld of Tartarus.
 77272 | Hell     | Found a gateway to the ashen valley of Gehenna.
 77489 | Geh:1    | Entered Level 1 of Gehenna
 78063 | Geh:1    | You fall into a shaft and drop 1 floor!
 78116 | Geh:2    | Reached skill level 10 in Transmutations
 79121 | Geh:3    | Upgraded the game from 0.27-a0-869-g165b36e3f0 to
                  | 0.27-a0-887-gcab673c142
 79864 | Geh:4    | You fall into a shaft and drop 2 floors!
 80258 | Geh:7    | Entered Level 7 of Gehenna
 81776 | Geh:7    | Found the +7 sceptre of Asmodeus
 81776 | Geh:7    | Noticed Asmodeus
 81871 | Geh:7    | Killed Asmodeus
 81919 | Geh:7    | Identified the +6 spear of the Sun {freeze, rF+ Will- SInv}
 81924 | Geh:7    | Found the +9 scales of the Dragon King {rPois rF+ rC+
                  | Will+}
 81924 | Geh:7    | Found the +4 moon troll leather armour {Spirit, Regen++
                  | MP+5}
 81958 | Geh:7    | Identified the Papyrus of Malediction and Moulding
 81960 | Geh:7    | Identified the amulet of Circularity {Regen+ Str+7}
 81986 | Geh:7    | Got an obsidian rune of Zot
 82469 | Coc:1    | Entered Level 1 of Cocytus
 83003 | Coc:1    | Reached skill level 15 in Spellcasting
 85836 | Coc:4    | You are sucked into a shaft and drop 1 floor!
 87245 | Coc:7    | Entered Level 7 of Cocytus
 87273 | Coc:7    | Noticed the Serpent of Hell
 87291 | Coc:7    | Killed the Serpent of Hell
 87678 | Coc:2    | You are sucked into a shaft and drop 2 floors!
 87968 | Coc:7    | Identified the +1 robe of a Gauntlet {rPois Will- Str+3}
 87972 | Coc:7    | Identified the Grimoire of Dark Secrets and the Escort
 88040 | Coc:7    | Noticed Antaeus
 88073 | Coc:7    | Killed Antaeus
 88189 | Coc:7    | Got an icy rune of Zot
 88590 | Hell     | Learned a level 8 spell: Necromutation
 88600 | Hell     | Learned a level 5 spell: Borgnjor's Vile Clutch
 88605 | Hell     | Learned a level 4 spell: Dispel Undead
 88608 | Hell     | Learned a level 3 spell: Swiftness
 88647 | Tar:1    | Entered Level 1 of Tartarus
 89127 | Tar:1    | Reached skill level 15 in Transmutations
 91490 | Tar:3    | Reached skill level 27 in Fighting
 92862 | Tar:4    | Noticed an ancient lich
 92867 | Tar:4    | Killed an ancient lich
 93353 | Tar:4    | Learned a level 8 spell: Borgnjor's Revivification
 95606 | Tar:6    | Noticed an ancient lich
 95619 | Tar:6    | Killed an ancient lich
 95692 | Tar:7    | Entered Level 7 of Tartarus
 95764 | Tar:7    | Identified the +7 falchion of Grandeur {holy, rC+}
 95819 | Tar:7    | Noticed an ancient lich
 95831 | Tar:7    | Killed an ancient lich
 95837 | Tar:7    | Identified the +1 rapier "Hidaq" {freeze, rPois rC+ Dex-5}
 95842 | Tar:7    | Identified the +5 leather armour of True Grit {Fly Str-4
                  | Int+5}
 95912 | Tar:7    | Identified the +2 chain mail "Kotaitye" {Stlth+}
 96099 | Tar:7    | Noticed Ereshkigal
 96710 | Tar:7    | Killed Ereshkigal
 96735 | Tar:7    | Got a bone rune of Zot
 96863 | Tar:7    | Identified the +0 plate armour of Veoxe {Int+2}
 97039 | Tar:7    | Identified the amulet of the Moon {Spirit Int+2 Dex+5
                  | Slay-2}
 97373 | Hell     | Learned a level 6 spell: Death Channel
 97599 | Pan      | Entered Pandemonium
 97689 | Pan      | Noticed Geewireg the pandemonium lord
 97698 | Pan      | Killed Geewireg the pandemonium lord
 97798 | Pan      | Found an exit through the horrors of the Abyss.
 98534 | Pan      | Identified the +8 whip of Eryilusk {flame, +Inv rF+ Str+2
                  | Stlth+}
 98963 | Pan      | Noticed Hoapt the pandemonium lord
 98976 | Pan      | Killed Hoapt the pandemonium lord
 99770 | Pan      | Noticed Hogom the pandemonium lord
100078 | Pan      | Killed Hogom the pandemonium lord
100262 | Pan      | Identified the +1 robe "Xafakh" {Int+3}
100433 | Pan      | Found an exit through the horrors of the Abyss.
100909 | Pan      | Noticed Hamearoa the pandemonium lord
100936 | Pan      | Killed Hamearoa the pandemonium lord
101387 | Pan      | Learned a level 2 spell: Blink
101388 | Depths:3 | Escaped Pandemonium
101390 | Depths:3 | Upgraded the game from 0.27-a0-887-gcab673c142 to
                  | 0.27-a0-899-ge2d0b17c59
101413 | Pan      | Entered Pandemonium
101774 | Pan      | Noticed Giurekko the pandemonium lord
102037 | Pan      | Killed Giurekko the pandemonium lord
102098 | Pan      | Got a demonic rune of Zot
102330 | Pan      | Found an exit through the horrors of the Abyss.
103317 | Pan      | Noticed Falide the pandemonium lord
103331 | Pan      | Killed Falide the pandemonium lord
103337 | Pan      | Paralysed by accursed screaming for 1 turns
103474 | Pan      | Identified the +2 pair of gloves of Elyvilon's Indignation
                  | {rN+ Regen+ Str+4}
103499 | Pan      | Found an exit through the horrors of the Abyss.
104083 | Pan      | Upgraded the game from 0.27-a0-899-ge2d0b17c59 to
                  | 0.27-a0-906-g0a00ce863d
104794 | Pan      | Entered the realm of Gloorx Vloq.
104795 | Pan      | Acquired the +8 lance "Wyrmbane" {slay drac, rPois rF+ rC+
                  | AC+3}
104796 | Pan      | Found the +8 lance "Wyrmbane" {slay drac, rPois rF+ rC+
                  | AC+3}
105252 | Pan      | Noticed Gloorx Vloq
105282 | Pan      | Killed Gloorx Vloq
105390 | Pan      | Got a dark rune of Zot
106193 | Pan      | Identified the +3 mace of Dissolution {flame, rPois}
106559 | Pan      | Entered the realm of Lom Lobon.
107375 | Pan      | Noticed Lom Lobon
107400 | Pan      | Killed Lom Lobon
107414 | Pan      | Got a magical rune of Zot
107580 | Pan      | Reached skill level 27 in Necromancy
107773 | Pan      | Entered the realm of Cerebov.
108160 | Pan      | Identified the ring "Zeklo" {*Slow rElec rF++ Dex+2 SInv}
108199 | Pan      | Identified the +1 scale mail "Wic Kurilah" {rF+ rN+ Dex+4}
108227 | Pan      | Identified the +4 morningstar of the Blind Eye {vorpal,
                  | +Inv rPois rF+}
108264 | Pan      | Identified the +2 pair of boots of Beyond {+Inv Will+
                  | Int+3}
108272 | Pan      | Found the +6 sword of Cerebov {flame}
108272 | Pan      | Noticed Cerebov
108339 | Pan      | Killed Cerebov
108386 | Pan      | Got a fiery rune of Zot
108459 | Pan      | Identified the +2 hunting sling "Nador" {speed, rPois
                  | Int+3}
108486 | Pan      | Identified the +2 scale mail "Wulyt" {-Cast Will+ Int+2}
108595 | Pan      | Upgraded the game from 0.27-a0-906-g0a00ce863d to
                  | 0.27-a0-1046-g98bf31544f
108851 | Pan      | Upgraded the game from 0.27-a0-1046-g98bf31544f to
                  | 0.27-a0-1140-g099f9bb0e8
108884 | Pan      | Reached skill level 27 in Armour
108884 | Pan      | Reached skill level 27 in Dodging
108884 | Pan      | Upgraded the game from 0.27-a0-1140-g099f9bb0e8 to
                  | 0.28-a0-804-g60983d4ba9
108912 | Pan      | Found a transporter.
108922 | Pan      | Upgraded the game from 0.28-a0-804-g60983d4ba9 to
                  | 0.28-a0-845-gfc338a8e3c
108978 | Pan      | Found an exit through the horrors of the Abyss.
109039 | Pan      | Found a transporter.
109291 | Pan      | Identified the ring of the Iron Devil {Wiz Str+2}
109306 | Pan      | Identified the amulet of the Good {Acrobat *Corrode rElec
                  | Dex+4}
109591 | Pan      | Noticed Halij the pandemonium lord
109643 | Pan      | Killed Halij the pandemonium lord
110053 | Pan      | Found an exit through the horrors of the Abyss.
110370 | Pan      | Entered the realm of Mnoleg.
110372 | Pan      | Acquired 1104 gold pieces
110373 | Pan      | Noticed Mennas
110390 | Pan      | Killed Mennas
110878 | Pan      | Noticed Mnoleg
110900 | Pan      | Gained mutation: You are very clumsy. (Dex -4) [a
                  | cacodemon]
111018 | Pan      | Gained mutation: Armour fits poorly on your strangely
                  | shaped body. [a neqoxec]
111067 | Pan      | Killed Mnoleg
111120 | Pan      | Got a glowing rune of Zot
111493 | Pan      | Noticed Vunatzet the pandemonium lord
111499 | Pan      | Killed Vunatzet the pandemonium lord
112456 | Pan      | Noticed Sygu the pandemonium lord
112469 | Pan      | Killed Sygu the pandemonium lord
112698 | Pan      | Found an exit through the horrors of the Abyss.
113315 | Pan      | Noticed Bioppac the pandemonium lord
113337 | Pan      | Killed Bioppac the pandemonium lord
113353 | Pan      | Reached skill level 27 in Spellcasting
113622 | Pan      | Found an exit through the horrors of the Abyss.
113914 | Pan      | Gained mutation: Your system is resistant to poisons.
                  | (rPois) [a cacodemon]
113919 | Pan      | Gained mutation: Your flesh is cold resistant. (rC+) [a
                  | cacodemon]
113960 | Depths:3 | Escaped Pandemonium
114509 | Zot:4    | Acquired 915 gold pieces
115321 | Zot:5    | Entered Level 5 of the Realm of Zot
115533 | Zot:5    | Noticed an orb of fire
115605 | Zot:5    | Noticed an orb of fire
115624 | Zot:5    | Killed an orb of fire
115768 | Zot:5    | Noticed an orb of fire
115772 | Zot:5    | Noticed a dread lich
115797 | Zot:5    | Killed a dread lich
115944 | Zot:5    | Noticed a dread lich
115954 | Zot:5    | Noticed an ancient lich
115955 | Zot:5    | Noticed an orb of fire
115960 | Zot:5    | Killed an ancient lich
115972 | Zot:5    | Killed an orb of fire
115977 | Zot:5    | Noticed a dread lich
115990 | Zot:5    | Killed a dread lich
115998 | Zot:5    | Killed a dread lich
116013 | Zot:5    | Noticed a dread lich
116042 | Zot:5    | Killed a dread lich
116116 | Zot:5    | Noticed an ancient lich
116130 | Zot:5    | Killed an ancient lich
117003 | Zot:5    | Upgraded the game from 0.28-a0-845-gfc338a8e3c to
                  | 0.28-a0-861-ge64d6db94f
117334 | Crypt:1  | Entered Level 1 of the Crypt
117334 | Crypt:1  | Noticed Xtahua
117349 | Crypt:1  | Killed Xtahua
117560 | Crypt:1  | Noticed a royal mummy
117583 | Crypt:1  | Noticed Khufu
117588 | Crypt:1  | Killed a royal mummy
117603 | Crypt:1  | Killed Khufu
118960 | Crypt:3  | Entered Level 3 of the Crypt
119097 | Crypt:3  | Noticed Sojobo
119108 | Crypt:3  | Killed Sojobo
119368 | Crypt:3  | Found the +8 arc blade {discharge, rElec}
119378 | Crypt:3  | Identified the ring of Koxto {Int+4 SInv}
119660 | Crypt:3  | Found a basalt altar of Yredelemnul.
119917 | Crypt:3  | Noticed an ancient lich
119925 | Crypt:3  | Killed an ancient lich
119950 | Crypt:3  | Found a staircase to the Tomb.
119970 | Tomb:1   | Entered Level 1 of the Tomb of the Ancients
120255 | Tomb:1   | Noticed a royal mummy
120293 | Tomb:1   | Noticed a royal mummy
120308 | Tomb:1   | Killed a royal mummy
120318 | Tomb:1   | Killed a royal mummy
120627 | Tomb:1   | Identified the +0 pair of boots of Prudence {rCorr}
120887 | Tomb:2   | Noticed a royal mummy
120887 | Tomb:2   | Noticed a royal mummy
120888 | Tomb:2   | Noticed a royal mummy
120888 | Tomb:2   | Noticed a royal mummy
120888 | Tomb:2   | Noticed a royal mummy
120910 | Tomb:2   | Killed a royal mummy
120943 | Tomb:2   | Killed a royal mummy
120954 | Tomb:2   | Killed a royal mummy
120980 | Tomb:2   | Killed a royal mummy
121009 | Tomb:2   | Killed a royal mummy
121495 | Tomb:1   | Noticed a royal mummy
121498 | Tomb:1   | Noticed a royal mummy
121505 | Tomb:1   | Killed a royal mummy
121508 | Tomb:1   | Noticed a royal mummy
121509 | Tomb:1   | Noticed a royal mummy
121513 | Tomb:1   | Killed a royal mummy
121521 | Tomb:1   | Killed a royal mummy
121526 | Tomb:1   | Killed a royal mummy
121657 | Tomb:1   | Noticed a royal mummy
121660 | Tomb:1   | Noticed a royal mummy
121668 | Tomb:1   | Killed a royal mummy
121669 | Tomb:1   | Noticed a royal mummy
121674 | Tomb:1   | Killed a royal mummy
121680 | Tomb:1   | Killed a royal mummy
121726 | Tomb:1   | Noticed a royal mummy
121727 | Tomb:1   | Noticed a royal mummy
121745 | Tomb:1   | Killed a royal mummy
121761 | Tomb:1   | Killed a royal mummy
121779 | Tomb:1   | Noticed a royal mummy
121779 | Tomb:1   | Noticed a royal mummy
121781 | Tomb:1   | Noticed a royal mummy
121786 | Tomb:1   | Killed a royal mummy
121793 | Tomb:1   | Killed a royal mummy
121796 | Tomb:1   | Noticed a royal mummy
121801 | Tomb:1   | Killed a royal mummy
121807 | Tomb:1   | Killed a royal mummy
121833 | Tomb:1   | Noticed a royal mummy
121845 | Tomb:1   | Killed a royal mummy
121854 | Tomb:1   | Noticed a royal mummy
121864 | Tomb:1   | Killed a royal mummy
122660 | Tomb:3   | Entered Level 3 of the Tomb of the Ancients
122694 | Tomb:3   | Noticed a royal mummy
122701 | Tomb:3   | Noticed a royal mummy
122701 | Tomb:3   | Noticed a royal mummy
122702 | Tomb:3   | Noticed a royal mummy
122708 | Tomb:3   | Noticed a royal mummy
122712 | Tomb:3   | Noticed a royal mummy
122715 | Tomb:3   | Noticed a royal mummy
122716 | Tomb:3   | Noticed a royal mummy
122717 | Tomb:3   | Killed a royal mummy
122719 | Tomb:3   | Noticed a royal mummy
123280 | Tomb:3   | Killed a royal mummy
123287 | Tomb:3   | Killed a royal mummy
123317 | Tomb:3   | HP: 16/323 [smoke demon/divine providence[a mummy priest]
                  | (12)]
123318 | Tomb:3   | Slain by a death scarab

Illustrated notes

Levels and vault maps discovered:
D:1:      minmay_arrival_checkered_box, layout_rooms
D:2:      layout_loops_ring
D:3:      layout_basic, nicolae_dithmenos_the_darkroom,
          gammafunk_temple_overflow_statue, serial_shops, shop,
          nicolae_shop_window_shopping, shop, shop, minmay_circle_x
D:4:      layout_loops_corners, ebering_ghost_gozag, minmay_misc_feat_cross,
          minmay_misc_feat_more_columns, uniq_menkaure
D:5:      cheibrodos_helix_gallery, layout_rooms, overflow_temple_1_default,
          serial_co_window_serial, co_window_corner_a, co_window_paths_b,
          co_window_of_opportunity_a, co_window_paths_b,
          co_window_of_opportunity_a, co_window_paths_a, co_window_corner_b,
          co_window_2corner, co_window_unsneaky_path_c, co_window_4corner_a,
          co_window_paths_d, glass_columns_c, glass_columns_b, glass_columns_b,
          uniq_blork_the_orc
D:6:      layout_loops_corners, jmf_multi_god_temple, kennysheep_doodads,
          kennysheep_crisscross
D:7:      layout_loops_cross, temple_statues, uniq_duvessa, uniq_maggie
D:8:      layout_loops_corners, okawaru_metal_pillars_1_2,
          biasface_ghost_orc_armoury, uniq_psyche, uniq_gastronok, uniq_pikel
D:9:      layout_loops_ring, lemuel_doored_altar, serial_shops,
          nicolae_shop_trees, shop, nicolae_shop_waterfront, nicolae_shop_trees,
          shop, hex_tiny, chequers_mini_garden, minmay_holes
D:10:     layout_basic
D:11:     layout_basic, dpeg_oklobed_lair, trove_entry_hex_spiral
D:12:     layout_rooms, david_orc_4, maelrawn_ghost_gauntlet_escape,
          enter_bailey_3
D:13:     layout_layer_cave
D:14:     kennysheep_water_balloons, layout_irregular_city, david_vaults_2,
          hangedman_decor_lopped, serial_bayou_pond_d
D:15:     gammafunk_enter_depths_forms, layout_basic, grunt_gozag_breadcrumbs
Lair:1:   layout_regular_city, st_stairs_4, lemuel_fruit_tree,
          grunt_megastairs_3, infiniplex_staircase_pool
Lair:2:   layout_gridlike, hangedman_lair_generics_rect, lemuel_fruit_fields
Lair:3:   layout_chaotic_city, elwin_shoals_entry_rocks,
          nzn_masters_of_martial_movement, serial_bayou_shore_a
Lair:4:   layout_cave_pods, dummy_snake_entry, serial_bayou_shore_b,
          serial_bayou_shore_b
Lair:5:   layout_roguey, minmay_slime_entry_jelly_boxes, st_stairs_4,
          chequers_serial_rivers_room_b, uniq_snorg
Lair:6:   due_jungle_book, layout_regular_city,
          gammafunk_ghost_wrathful_warriors, dpeg_oklob_1, uniq_kirke
Shoals:1: layout_shoals, serial_shops, nicolae_shop_competitors_out_of_business,
          uniq_nikola
Shoals:2: layout_shoals, serial_shops,
          nicolae_shop_temple_entry_statues_fountains,
          nicolae_shop_behind_doors, nicolae_shop_behind_doors, uniq_ilsuiw,
          uniq_polyphemus
Shoals:3: layout_shoals, uniq_roxanne
Shoals:4: shoals_end_grunt_ice, layout_shoals, shoals_ilsuiw_ice
Snake:1:  layout_gridlike, grunt_ministairs_9, hangedman_snake_sidewinding
Snake:2:  layout_onion_interference, nicolae_coiled_stairwell_up
Snake:3:  layout_rooms, gammafunk_ghost_grave, uniq_vashnia, uniq_louise
Snake:4:  johnstein_snake_rune_scales, layout_layer_cave, serial_shops,
          nicolae_shop_window_shopping, serial_bayou_pond_a,
          hangedman_snake_corridor_split, uniq_asterion, uniq_aizul, uniq_mara
Slime:1:  layout_caves
Slime:2:  layout_caves
Slime:3:  layout_caves
Slime:4:  layout_caves
Slime:5
Orc:1:    layout_diamond_mine, uniq_maurice
Orc:2:    st_orc_mages, layout_caves, bloody_makhleb, uniq_jorgrun,
          uniq_erolcha, uniq_nessos, uniq_azrael, uniq_josephine
Elf:1:    eino_elf_arrival_altar, layout_loops_corners, serial_shops,
          bzr_entry_dummy, minivault_28
Elf:2:    layout_geoelf_grid, serial_shops, shop,
          portal_ice_cave_entry_pillars_three, eino_tiny_chamber,
          uniq_saint_roka
Elf:3:    grunt_elf_hall_diamonds, layout_geoelf_diagonals, feat_on_display
Vaults:1: grunt_vaults_swirl, nicolae_vaults_little_squares_2, v_misc_22,
          ontoclasm_vaults_chip, nicolae_vaults_mini_display_case,
          layout_vaults_omnigrid
Vaults:2: hangedman_vaults_hat, v_misc_24, ontoclasm_vaults_eye,
          nicolae_vaults_angled_halls, minmay_crypt_entry_nasty_monster,
          vaults_room_stairs_pillars, v_misc_18,
          nicolae_vaults_ring_of_whatevers, hangedman_vaults_maws,
          nicolae_vaults_holding_cells, layout_vaults_omnicross
Vaults:3: hangedman_vaults_stream, nicolae_vaults_big_ls,
          hangedman_vaults_unwind, hangedman_vaults_variations,
          dpeg_vaults_monster_row, v_misc_22, vaults_dpeg_ring,
          nicolae_vaults_three_branches, ontoclasm_vaults_gateway,
          layout_vaults_omnibox, uniq_jory
Vaults:4: nicolae_vaults_triangles, v_misc_22, v_misc_29, v_misc_13, v_misc_16,
          vaults_mumra_hexcomb, nicolae_vaults_shelves_hall,
          hangedman_vaults_slice, nicolae_vaults_asterisk, vaults_room_corners,
          vaults_dpeg_hooks, layout_vaults_big_room
Vaults:5: serial_shops
Crypt:1:  layout_regular_city, moated_statue, st_stairs_9, skrybe_necro_troll_1,
          uniq_khufu, uniq_xtahua
Crypt:2:  layout_regular_city, serial_sigils_hangedman_gut,
          ebering_dispersal_statue_hall, grunt_megastairs_5
Crypt:3:  due_elkab, layout_chaotic_city, tomb_entry_simple_bobbens,
          lemuel_statue_altar, uniq_sojobo
Tomb:1
Tomb:2
Tomb:3
Depths:1: layout_honeycomb, enter_ziggurat_d, hellmouth_1,
          minmay_misc_feat_nine_boxes, eino_curves_03,
          nicolae_ashenzari_panopticon
Depths:2: minmay_the_grid_ultimate
          [minmay_the_grid_prize_four_corners_diamond_a,
          minmay_the_grid_prize_trominoes,
          minmay_the_grid_prize_shrinking_boxes,
          minmay_the_grid_prize_trominoes, minmay_the_grid_square_5x5_inner_v,
          minmay_the_grid_square_5x5_checkered_sparse,
          minmay_the_grid_square_5x5_three_walls,
          minmay_the_grid_square_5x5_meh,
          minmay_the_grid_square_5x5_pentomino_r,
          minmay_the_grid_square_5x5_shuriken, minmay_the_grid_square_5x5_six,
          minmay_the_grid_square_5x5_one_wall,
          minmay_the_grid_square_5x5_two_walls_a,
          minmay_the_grid_square_5x5_longway, minmay_the_grid_square_5x5_bridge,
          minmay_the_grid_square_5x5_v, minmay_the_grid_square_5x5_slash,
          minmay_the_grid_square_5x5_spiral, minmay_the_grid_square_5x5_inner_i,
          minmay_the_grid_triangle_9x9_windchime,
          minmay_the_grid_triangle_9x9_dagger,
          minmay_the_grid_triangle_9x9_flanged_cone,
          minmay_the_grid_triangle_9x9_sparse_checkered,
          minmay_the_grid_triangle_9x9_limited_checkers,
          minmay_the_grid_triangle_9x9_odd_lines,
          minmay_the_grid_triangle_9x9_thin_v,
          minmay_the_grid_triangle_9x9_longest,
          minmay_the_grid_triangle_9x9_skeleton,
          minmay_the_grid_triangle_9x9_warning,
          minmay_the_grid_triangle_9x9_wacky_v,
          minmay_the_grid_triangle_9x9_negative_grid,
          minmay_the_grid_triangle_9x9_sprig,
          minmay_the_grid_triangle_9x9_subtriangle,
          minmay_the_grid_triangle_9x9_empty,
          minmay_the_grid_triangle_9x9_zippers_vertical,
          minmay_the_grid_square_5x5_c, minmay_the_grid_octo_odd_swirl,
          minmay_the_grid_octo_clover_2, minmay_the_grid_octo_fan_narrow,
          minmay_the_grid_octo_thin_diamonds,
          minmay_the_grid_octo_checkerflower, minmay_the_grid_octo_77,
          minmay_the_grid_octo_fat_diamond, minmay_the_grid_octo_concentric,
          minmay_the_grid_tiny_cups, minmay_the_grid_pillar_ring,
          minmay_the_grid_fan, minmay_the_grid_gridbox], serial_shops,
          hell_entry
Depths:3: gammafunk_its_a_trap, layout_basic, abyss_entry_small_statue_room,
          grunt_pan_entry_zigzag, kiku_gazebo_garden_becter,
          pf_hell_entry_tar_river
Depths:4: minmay_angry_zag, layout_honeycomb, abyss_entry, hell_entry,
          minmay_crystal_water, glass_columns_b
Depths:5: grunt_crosshair, layout_cave_pools, serial_shops, shop_coins,
          abyss_entry_crystal, hangedman_decor_riveting, mu_enter_wizlab_3,
          hell_entry
Hell
Dis:1:    layout_subdivisions
Dis:2:    layout_gridville
Dis:3:    layout_overlapping_boxes
Dis:6:    layout_regular_city
Dis:7:    dis_st
Geh:1:    layout_gehenna_lava_caves
Geh:2:    layout_gehenna_lava_caves, nicolae_geh_lava_in_the_way
Geh:3:    layout_gehenna_pools_triple, hangedman_elemental_grid_stream
Geh:4:    layout_gehenna_lava_caves
Geh:6:    layout_gehenna_lava_caves
Geh:7:    geh_mu
Coc:1:    layout_ice_bergs
Coc:2:    layout_ice_bergs
Coc:3:    layout_ice_bergs
Coc:4:    layout_cocytus_water_paths
Coc:5:    layout_ice_bergs, serial_ice, serial_ice_n, serial_ice_f, serial_ice_d
Coc:6:    layout_cocytus_water_paths
Coc:7:    coc_dpeg
Tar:1:    layout_catacombs
Tar:2:    layout_catacombs, evilmike_ambush [evilmike_ambush_outer_basic,
          evilmike_ambush_inner_cross]
Tar:3:    layout_catacombs
Tar:4:    layout_grid_maze, grunt_megastairs_4
Tar:5:    layout_grid_maze
Tar:6:    grunt_deathspiral_small, layout_cathedral_of_symmetry
Tar:7:    tar_grunt_cathedral
Zot:1:    minmay_elemental_castle, layout_cathedral_of_symmetry
Zot:2:    lemuel_acid_trip, layout_onion
Zot:3:    layout_concentric_octagons, st_stairs_8
Zot:4:    layout_basic, st_stairs_9
Zot:5:    layout_twisted_circle

Skill      XL: |  1  2  3  4  5  6  7  8  9 10 11 12 13 14 15 16 17 18 19 20 21 22 23 24 25 26 27 |
---------------+----------------------------------------------------------------------------------+-----
Polearms       | 3 5 8 10 11 12 13 14 15 25 | 25.1
Dodging        | 3 4 5 6 8 10 11 13 14 15 17 18 27 | 27.0
Fighting       | 3 4 5 6 7 8 10 11 12 13 14 15 16 17 18 19 20 21 22 27 | 27.0
Unarmed Combat | 2 3 5 7 |  7.8
Armour         | 3 4 6 7 8 9 10 12 13 14 15 16 18 19 27 | 27.0
Shields        | 5 9 11 13 15 16 21 | 21.9
Necromancy     | 4 8 10 11 13 15 17 19 20 21 22 27 | 27.0
Invocations    | 4 12 16 17 | 17.9
Spellcasting   | 27 | 27.0
Transmutations | 26 | 26.6
Throwing       | |  1.7

Action                   |  1- 3 |  4- 6 |  7- 9 | 10-12 | 13-15 | 16-18 | 19-21 | 22-24 | 25-27 || total
-------------------------+-------+-------+-------+-------+-------+-------+-------+-------+-------++-------
Melee: Trident           |    85 |    57 |   134 |   419 |   995 |   942 |  1262 |  1277 |  2749 ||  7920
       Headbutt          |       |     8 |    43 |    91 |   241 |   196 |   256 |   394 |  3893 ||  5122
       Unarmed           |       |       |   100 |     3 |       |       |       |       |       ||   103
       Touch             |       |       |     2 |    17 |       |       |       |       |       ||    19
       Demon trident     |       |       |       |       |       |       |       |       | 10393 || 10393
       Lance             |       |       |       |       |       |       |       |       |   192 ||   192
Throw: Throwing net      |       |     2 |     1 |       |       |       |       |       |       ||     3
 Cast: Wereblood         |       |       |       |       |       |       |       |       |    46 ||    46
       Necromutation     |       |       |       |       |       |       |       |       |    41 ||    41
       Dispel Undead     |       |       |       |       |       |       |       |       |    29 ||    29
Invok: Heroism           |       |       |       |     3 |     2 |       |     2 |     5 |       ||    12
       Finesse           |       |       |       |       |       |       |     2 |     3 |       ||     5
       Greater Servant o |       |       |       |       |       |       |       |       |    47 ||    47
       Lesser Servant of |       |       |       |       |       |       |       |       |     5 ||     5
Evoke: Wand              |       |       |       |       |     2 |       |       |     1 |    15 ||    18
       Horn of Geryon    |       |       |       |       |       |       |       |       |     1 ||     1
  Use: Scroll            |     3 |     3 |     6 |     8 |    14 |    11 |     8 |     8 |    62 ||   123
       Potion            |       |     1 |     3 |     4 |     1 |     6 |     2 |     4 |    48 ||    69
 Stab: Sleeping          |     1 |     1 |       |       |       |       |       |     5 |     1 ||     8
       Held in net/web   |       |     2 |       |       |       |       |       |       |       ||     2
       Distracted        |       |       |     1 |       |       |       |       |     1 |    28 ||    30
       Confused          |       |       |     1 |       |       |       |       |       |     2 ||     3
       Invisible         |       |       |       |       |       |       |       |       |     2 ||     2
Armor: Leather armour    |    15 |     4 |    13 |       |       |       |       |       |       ||    32
       Skin              |       |       |     1 |     2 |       |       |       |       |       ||     3
       Swamp dragon scal |       |       |    27 |    82 |    14 |       |       |       |       ||   123
       Scale mail        |       |       |       |       |   120 |    86 |   103 |    12 |   290 ||   611
       Chain mail        |       |       |       |       |       |       |       |    76 |   168 ||   244
       Gold dragon scale |       |       |       |       |       |       |       |       |  1310 ||  1310
       Troll leather arm |       |       |       |       |       |       |       |       |   223 ||   223
Dodge: Dodged            |    43 |    17 |   118 |   157 |   155 |   110 |   186 |   171 |  4453 ||  5410
       Repelled          |       |       |       |     1 |     4 |    35 |     6 |    16 |   144 ||   206
Block: Kite shield       |       |       |       |    46 |   331 |   473 |   577 |   495 |  6433 ||  8355
       Reflection        |       |       |       |       |     5 |   128 |   109 |    50 |    55 ||   347

Table legend: (Time is in decaauts)
 A = Elapsed time spent in this place.
 B = Non-inter-level travel time spent in this place.
 C = Inter-level travel time spent in this place.
 D = Time resting spent in this place.
 E = Time spent auto-exploring this place.
 F = Levels seen in this place.
 G = Mean time per level.
                   A        B        C        D        E       F      G
               +--------+--------+--------+--------+--------+-----+--------+
         Total | 116720 | 105791 |  10929 |  13115 |  61739 | 112 | 1042.1 |
       Dungeon |  20028 |  16441 |   3587 |   2502 |  11595 |  15 | 1335.2 |
          Lair |   8178 |   7255 |    923 |   1225 |   4679 |   6 | 1363.0 |
        Shoals |   4409 |   4030 |    379 |    600 |   2404 |   4 | 1102.2 |
     Snake Pit |   4791 |   4524 |    267 |    525 |   3019 |   4 | 1197.8 |
    Slime Pits |   2337 |   2206 |    131 |    151 |   1503 |   5 |  467.4 |
  Orcish Mines |   1454 |   1152 |    302 |     39 |    733 |   2 |  727.0 |
   Elven Halls |   3924 |   3458 |    466 |    411 |   2123 |   3 | 1308.0 |
        Vaults |   7351 |   6433 |    918 |    326 |   4719 |   5 | 1470.2 |
         Crypt |   2434 |   2421 |     13 |    188 |   1310 |   3 |  811.3 |
          Tomb |   3298 |   2902 |    396 |    883 |    810 |   3 | 1099.3 |
        Depths |  10084 |   8384 |   1700 |   1974 |   4755 |   5 | 2016.8 |
          Hell |   1128 |    937 |    191 |    183 |    331 |   1 | 1128.0 |
           Dis |   4446 |   4168 |    278 |    439 |   2177 |   5 |  889.2 |
       Gehenna |   4330 |   3846 |    484 |    209 |   1475 |   6 |  721.7 |
       Cocytus |   5094 |   4997 |     97 |    178 |   2636 |   7 |  727.7 |
      Tartarus |   7829 |   7551 |    278 |    221 |   4366 |   7 | 1118.4 |
           Zot |   5977 |   5465 |    512 |   1020 |   3070 |   5 | 1195.4 |
         Abyss |   2561 |   2561 |      0 |     19 |   1620 |   5 |  512.2 |
   Pandemonium |  15203 |  15203 |      0 |   1435 |   7845 |  17 |  894.3 |
        Bazaar |     82 |     82 |      0 |      0 |     40 |   1 |   82.0 |
         Trove |     81 |     81 |      0 |      0 |      0 |   1 |   81.0 |
      Ice Cave |    444 |    444 |      0 |    101 |    186 |   1 |  444.0 |
        Wizlab |   1248 |   1248 |      0 |    481 |    339 |   1 | 1248.0 |
               +--------+--------+--------+--------+--------+-----+--------+

Top non-repeatable levels by time:
Depths:2: 2974 daAuts
Depths:3: 2723 daAuts
    D:11: 2237 daAuts
 Snake:4: 2142 daAuts
Depths:1: 2039 daAuts
   Geh:7: 1904 daAuts
  Lair:1: 1781 daAuts
  Tomb:1: 1711 daAuts
    D:15: 1708 daAuts
    D:14: 1666 daAuts
  Lair:6: 1647 daAuts
Vaults:1: 1628 daAuts
Vaults:5: 1617 daAuts
     D:6: 1551 daAuts
     D:8: 1549 daAuts
